Workbook
Name _Fill: #REF!
Name _Fill: #REF!
Name _Fill: #REF!
Name _Key1: #REF!
Name _Key1: #REF!
Name _Key1: #REF!
Name _Key2: #REF!
Name _Key2: #REF!
Name _Key2: #REF!
Name _Order1: 255
Name _Order2: 255
Name _Sort: #REF!
Name _Sort: #REF!
Name _Sort: #REF!
Name _Sort: #REF!
Name AÇOCA50: #REF!
Name AÇOCA50: #REF!
Name AÇOCA50: #REF!
Name AÇOCA60: #REF!
Name AÇOCA60: #REF!
Name AÇOCA60: #REF!
Name ACRE: #REF!
Name ACRE: #REF!
Name ACRE: #REF!
Name ademir: {#N/A,#N/A,FALSE,"Cronograma";#N/A,#N/A,FALSE,"Cronogr. 2"}
Name ademir: {#N/A,#N/A,FALSE,"Cronograma";#N/A,#N/A,FALSE,"Cronogr. 2"}
Name ASDF: #REF!
Name ASDF: #REF!
Name ASDF: #REF!
Name ASDF: #REF!
Name Bm.Periodos: '[1]Orçamento e Medição'!$Q$12:$AB$12
Name Bm.posAtual: IF(mediçao<N(Bm.Periodos),-1,MATCH(mediçao,Bm.Periodos)-1)
Name Bm.posAtual: IF(mediçao<N(Bm.Periodos),-1,MATCH(mediçao,Bm.Periodos)-1)
Name Bm.posAtual: IF(mediçao<N(Bm.Periodos),-1,MATCH(mediçao,Bm.Periodos)-1)
Name Bm.posAtual: IF(mediçao<N(Bm.Periodos),-1,MATCH(mediçao,Bm.Periodos)-1)
Name Bm.posAtual: IF(mediçao<N(Bm.Periodos),-1,MATCH(mediçao,Bm.Periodos)-1)
Name bosta: {#N/A,#N/A,FALSE,"Cronograma";#N/A,#N/A,FALSE,"Cronogr. 2"}
Name bosta: {#N/A,#N/A,FALSE,"Cronograma";#N/A,#N/A,FALSE,"Cronogr. 2"}
Name CA´L: {#N/A,#N/A,FALSE,"Cronograma";#N/A,#N/A,FALSE,"Cronogr. 2"}
Name CA´L: {#N/A,#N/A,FALSE,"Cronograma";#N/A,#N/A,FALSE,"Cronogr. 2"}
Name concorrentes: {#N/A,#N/A,FALSE,"Cronograma";#N/A,#N/A,FALSE,"Cronogr. 2"}
Name concorrentes: {#N/A,#N/A,FALSE,"Cronograma";#N/A,#N/A,FALSE,"Cronogr. 2"}
Name de: #REF!
Name de: #REF!
Name de: #REF!
Name de: #REF!
Name éAcertoGlosa: SUM('Agua pluvial'!Orç.éGlosado)
Name éAcertoGlosa: SUM(ELETRICA!Orç.éGlosado)
Name éAcertoGlosa: SUM('Lista-SPDA'!Orç.éGlosado)
Name éAcertoGlosa: SUM(serv.preliminares!Orç.éGlosado)
Name éAcertoGlosa: SUM(Orç.éGlosado)
Name éAditadoDepois: COUNTIF(Orç.colAdit,">"&mediçao)
Name éAditadoDepois: COUNTIF(Orç.colAdit,">"&mediçao)
Name éAditadoDepois: COUNTIF(Orç.colAdit,">"&mediçao)
Name éAditadoDepois: COUNTIF(Orç.colAdit,">"&mediçao)
Name éAditadoDepois: COUNTIF(Orç.colAdit,">"&mediçao)
Name éAditadoNoPeríodo: COUNTIF(Orç.colAdit,mediçao)
Name éAditadoNoPeríodo: COUNTIF(Orç.colAdit,mediçao)
Name éAditadoNoPeríodo: COUNTIF(Orç.colAdit,mediçao)
Name éAditadoNoPeríodo: COUNTIF(Orç.colAdit,mediçao)

Sheet  LICITAÇÃO
B10: PREFEITURA MUNICIPAL DE GUARAPARI
B11: SEMOP - SECRETARIA MUNICIPAL DE OBRAS PÚBLICAS
B13: OBRA: | C13: CONTRATAÇÃO DE EMPRESA ESPECIALIZADA PARA CONSTRUÇÃO DO CAMPO SOCIETY NO COMPLEXO ESPORTIVO | H13: ÁREA: | I13: 1.112,43 m²
B14: CONTRATANTE: | C14: PREFEITURA MUNICIPAL DE GUARAPARI/ES | H14: DATA: | I14: 45148
B15: TABELAS DE REF.: | C15: DER-ES 02/2023, SINAPI-ES 03/2023, ORSE-SE 01/2023.(LS=157,27) | H15: *BDI: | I15: 0.3325 | L15: BDI CONFORME 2º FAIXA DA TABELA 01 DA RESOLUÇÃO TC Nº329, DE 24/09/2019 DO TCEES
B17: PLANILHA ORÇAMENTÁRIA
B19: ITEM | C19: FONTE | D19: CÓD. | E19: ESPECIFICAÇÃO DE SERVIÇO | F19: UND. | G19: QUANT. | H19: PREÇO UNITÁRIO | I19: PREÇO TOTAL | K19: VALOR
B20: 1 | E20: SERVIÇOS PRELIMINARES | K20: S/ BDI | L20: C/ BDI
B21: 1.1 | E21: LIMPEZA DO TERRENO
B22: 1.1.1 | C22: SINAPI | D22: 98525 | E22: Limpeza mecanizada de camada vegetal, vegetação e pequenas árvores (diâmetro de tronco menor que 0,20 m), com trator de esteiras.af_05/2018 | F22: m² | G22: =serv.preliminares!H9 -> 1112.43 | H22: =L22 -> 0.51 | I22: =ROUND(G22*H22,2) -> 567.34 | K22: 0.38 | L22: =ROUND(K22*(1+$I$15),2) -> 0.51
B23: 1.2 | E23: LOCAÇÃO
B24: 1.2.1 | C24: SINAPI | D24: 99059 | E24: Locacao convencional de obra, utilizando gabarito de tábuas corridas pontaletadas a cada 2,00m - 2 utilizações. af_10/2018 | F24: m | G24: =serv.preliminares!H8 -> 116 | H24: =L24 -> 74.37 | I24: =ROUND(G24*H24,2) -> 8626.92 | K24: 55.81 | L24: =ROUND(K24*(1+$I$15),2) -> 74.37
B25: 2 | E25: INSTALAÇÃO DO CANTEIRO DE OBRAS
B26: 2.1 | E26: TAPUMES, BARRACÕES E COBERTURAS
B27: 2.1.1 | C27: DER | D27: 20305 | E27: Placa de obra nas dimensões de 2.0 x 4.0 m, padrão DER | F27: m² | G27: =serv.preliminares!H10 -> 8 | H27: =L27 -> 322.64 | I27: =ROUND(G27*H27,2) -> 2581.12 | K27: 242.13 | L27: =ROUND(K27*(1+$I$15),2) -> 322.64
B28: 2.1.2 | C28: DER | D28: 20350 | E28: Tapume Telha Metálica Ondulada em aço galvalume 0,50mm Branca h=2,20m, incl. montagem estr. mad 8"x8", c/adesivo "DER-ES" 60x60cm a cada 10m, incl. faixas pint. esmalte sint. cores azul c/ h=30cm e rosa c/ h=10cm (Reaproveitamento 2x) | F28: m | G28: =serv.preliminares!H12 -> 36 | H28: =L28 -> 257.72 | I28: =ROUND(G28*H28,2) -> 9277.92 | K28: 193.41 | L28: =ROUND(K28*(1+$I$15),2) -> 257.72
B29: 2.2 | E29: INSTALAÇÃO DO CANTEIRO DE OBRAS (UTILIZAÇÃO 2 VEZES), PROJETO PADRÃO LABOR - NR.18 (OBRAS COM PRAZO DE EXECUÇÃO DE 6 A 12 MESES)
B30: 2.2.1 | C30: DER | D30: 20812 | E30: Rede de água, com padrão de entrada d'água diâm. 3/4", conf. espec. CESAN, incl. tubos e conexões para alimentação, distribuição, extravasor e limpeza, cons. o padrão a 25m, conf. projeto (2 utilizações) | F30: m | G30: =serv.preliminares!H15 -> 3 | H30: =L30 -> 47.72 | I30: =ROUND(G30*H30,2) -> 143.16 | K30: 35.81 | L30: =ROUND(K30*(1+$I$15),2) -> 47.72
B31: 2.2.2 | C31: DER | D31: 20713 | E31: Rede de luz, incl. padrão entrada de energia trifás., cabo de ligação até barracões, quadro de distrib., disj. E chave de força (quando necessário), cons. 20m entre padrão entrada e QDG, conf. projeto (1 utilização) | F31: m | G31: =serv.preliminares!H16 -> 4 | H31: =L31 -> 657.4 | I31: =ROUND(G31*H31,2) -> 2629.6 | K31: 493.36 | L31: =ROUND(K31*(1+$I$15),2) -> 657.4
B32: 2.2.3 | C32: DER | D32: 20811 | E32: Reservatório de poliestileno de 1000 L, inclusive suporte em madeira de 7x12cm e 5x7cm, elevado de 4m,conforme projeto (2 utilizações | F32: und | G32: 1 | H32: =L32 -> 2298.4 | I32: =ROUND(G32*H32,2) -> 2298.4 | K32: 1724.88 | L32: =ROUND(K32*(1+$I$15),2) -> 2298.4
B33: 2.2.4 | C33: DER | D33: 20346 | E33: Locação de andaime metálico para fachada - tipo torre (aluguel mensal) | F33: m | G33: =serv.preliminares!H11 -> 115.4 | H33: =L33 -> 17.99 | I33: =ROUND(G33*H33,2) -> 2076.05 | K33: 13.5 | L33: =ROUND(K33*(1+$I$15),2) -> 17.99
B34: 3 | E34: MOVIMENTO DE TERRA
B35: 3.1 | E35: ESCAVAÇÕES
B36: 3.1.1 | C36: DER | D36: 30101 | E36: Escavação manual em material de 1a. categoria, até 1.50 m de profundidade | F36: m³ | G36: =ESTRUTURA!D63+'BANCO DE CONCRETO'!L16 -> 21.5376 | H36: =L36 -> 68.64 | I36: =ROUND(G36*H36,2) -> 1478.34 | K36: 51.51 | L36: =ROUND(K36*(1+$I$15),2) -> 68.64
B37: 3.1.2 | C37: DER | D37: 30119 | E37: Apiloamento do fundo de vala com maço de 30 a 60kg | F37: m² | G37: =ESTRUTURA!D64+'BANCO DE CONCRETO'!L30 -> 35.47 | H37: =L37 -> 35.91 | I37: =ROUND(G37*H37,2) -> 1273.73 | K37: 26.95 | L37: =ROUND(K37*(1+$I$15),2) -> 35.91
B38: 3.2 | E38: REATERRO E COMPACTAÇÃO
B39: 3.2.1 | C39: DER | D39: 30201 | E39: Reaterro apiloado de cavas de fundação, em camadas de 20 cm | F39: m³ | G39: =ESTRUTURA!D69 -> 13.632 | H39: =L39 -> 73.93 | I39: =ROUND(G39*H39,2) -> 1007.81 | K39: 55.48 | L39: =ROUND(K39*(1+$I$15),2) -> 73.93
B40: 3.2.2 | C40: SINAPI | D40: 94319 | E40: Aterro manual de valas com solo argilo-arenoso e compactação mecanizada. af_05/2016 | F40: m³ | G40: ='BANCO DE CONCRETO'!L101 -> 50.915 | H40: =L40 -> 102.08 | I40: =ROUND(G40*H40,2) -> 5197.4 | K40: 76.61 | L40: =ROUND(K40*(1+$I$15),2) -> 102.08
B41: 3.3 | E41: TRANSPORTES
B42: 3.3.1 | C42: DER | D42: 30304 | E42: Índice de preço para remoção de entulho decorrente da execução de obras (Classe A CONAMA - NBR 10.004 - Classe II-B), incluindo aluguel da caçamba, carga, transporte e descarga em área licenciada | F42: m³ | G42: =ESTRUTURA!D70 -> 4.2276 | H42: =L42 -> 95.03 | I42: =ROUND(G42*H42,2) -> 401.75 | K42: 71.32 | L42: =ROUND(K42*(1+$I$15),2) -> 95.03
B43: 4 | E43: ESTRUTURAS
B44: 4.1 | E44: INFRA-ESTRUTURA (FUNDAÇÃO)
B45: 4.1.1 | C45: DER | D45: 40206 | E45: Fôrma de tábua de madeira de 2.5 x 30.0 cm para fundações, levando-se em conta a utilização 5 vezes (incluido o material, corte, montagem, escoramento e desforma) | F45: m² | G45: =ESTRUTURA!D67 -> 14.16 | H45: =L45 -> 104 | I45: =G45*H45 -> 1472.64 | K45: 78.05 | L45: =ROUND(K45*(1+$I$15),2) -> 104
B46: 4.1.2 | C46: DER | D46: 40243 | E46: Fornecimento, dobragem e colocação em fôrma, de armadura CA-50 A média, diâmetro de 6.3 a 10.0 mm | F46: kg | G46: =ESTRUTURA!D68 -> 99.36168 | H46: =L46 -> 14.76 | I46: =G46*H46 -> 1466.5784 | K46: 11.08 | L46: =ROUND(K46*(1+$I$15),2) -> 14.76 | M46: 103.99
B47: 4.1.3 | C47: DER | D47: 40237 | E47: Fornecimento, preparo e aplicação de concreto Fck=25 MPa (brita 1 e 2) - (5% de perdas já incluído no custo) | F47: m³ | G47: =ESTRUTURA!D66 -> 3.252 | H47: =L47 -> 980.31 | I47: =G47*H47 -> 3187.9681 | K47: 735.69 | L47: =ROUND(K47*(1+$I$15),2) -> 980.31 | M47: 276.07
B48: 4.1.4 | C48: DER | D48: 40231 | E48: Fornecimento, preparo e aplicação de concreto magro com consumo mínimo de cimento de 250 kg/m3 (brita 1 e 2) - (5% de perdas já incluído no custo) | F48: m³ | G48: =ESTRUTURA!D65+'BANCO DE CONCRETO'!L43 -> 1.5115 | H48: =L48 -> 887.17 | I48: =G48*H48 -> 1340.9575 | K48: 665.79 | L48: =ROUND(K48*(1+$I$15),2) -> 887.17 | M48: 276.07
B49: 4.2 | E49: SUPER-ESTRUTURA
B50: 4.2.1 | C50: SINAPI | D50: 96257 | E50: Montagem e desmontagem de fôrma de pilares circulares, com área média das seções menor ou igual a 0,28 m², pé-direito simples, em madeira, 2 utilizações. af_06/2017 | F50: m² | G50: =ESTRUTURA!D109 -> 41.5422 | H50: =L50 -> 273.22 | I50: =G50*H50 -> 11350.16 | K50: 205.04 | L50: =ROUND(K50*(1+$I$15),2) -> 273.22
B51: 4.2.2 | C51: DER | D51: 40337 | E51: Fôrma em chapa de madeira compensada plastificada 12mm para estrutura em geral, 5 reaproveitamentos, reforçada com sarrafos de madeira 2.5x10cm (incl material, corte, montagem, escoras em eucalipto e desforma) | F51: m² | G51: =ESTRUTURA!D108 -> 65.5668 | H51: =L51 -> 131.5 | I51: =G51*H51 -> 8622.0342 | K51: 98.69 | L51: =ROUND(K51*(1+$I$15),2) -> 131.5
B52: 4.2.3 | C52: DER | D52: 40328 | E52: Fornecimento, dobragem e colocação em fôrma, de armadura CA-50 A média, diâmetro de 6.3 a 10.0 mm | F52: kg | G52: =ESTRUTURA!D112 -> 353.9692 | H52: =L52 -> 14.76 | I52: =G52*H52 -> 5224.5854 | K52: 11.08 | L52: =ROUND(K52*(1+$I$15),2) -> 14.76 | M52: 103.99
B53: 4.2.4 | C53: DER | D53: 40333 | E53: Fornecimento, dobragem e colocação em fôrma, de armadura CA-60 B fina, diâmetro de 4.0 a 7.0mm | F53: kg | G53: =ESTRUTURA!D111 -> 146.11893 | H53: =L53 -> 15.6 | I53: =G53*H53 -> 2279.4552 | K53: 11.71 | L53: =ROUND(K53*(1+$I$15),2) -> 15.6 | M53: 103.99
B54: 4.2.5 | C54: DER | D54: 40330 | E54: Fornecimento e aplicação de concreto USINADO Fck=25 MPa - considerando BOMBEAMENTO (5% de perdas já incluído no custo) (6% de taxa p/concr.bombeavel) | F54: m³ | G54: =ESTRUTURA!D110 -> 11.062417 | H54: =L54 -> 832.12 | I54: =G54*H54 -> 9205.2589 | K54: 624.48 | L54: =ROUND(K54*(1+$I$15),2) -> 832.12 | M54: 276.07
B55: 5 | E55: PAREDES E PAINÉIS
B56: 5.1 | E56: ALVENARIA DE VEDAÇÃO EMPREGANDO ARGAMASSA DE CIMENTO, CAL E AREIA
B57: 5.1.1 | C57: DER | D57: 50606 | E57: Alvenaria de blocos cerâmicos 10 furos 10x20x20cm, assentados c/argamassa de cimento, cal hidratada CH1 e areia traço 1:0,5:8, esp. das juntas 12mm e esp. das paredes s/revestimento, 10cm | F57: m² | G57: =ALVENARIA!L30 -> 63.97 | H57: =L57 -> 84.04 | I57: =G57*H57 -> 5376.0388 | K57: 63.07 | L57: =ROUND(K57*(1+$I$15),2) -> 84.04
B58: 5.1.2 | C58: DER | D58: 50501 | E58: Alvenaria de blocos de concreto estrut. (14x19x39cm) cheios, c/ resist. mín. compr. 15MPa, assentados c/arg. de cimento e areia no traço 1:4, esp. juntas 10mm e esp. da parede s/ revest. 14cm (arquibancada) | F58: m² | G58: ='BANCO DE CONCRETO'!L59 -> 42.93 | H58: =L58 -> 169.68 | I58: =G58*H58 -> 7284.3624 | K58: 127.34 | L58: =ROUND(K58*(1+$I$15),2) -> 169.68
B59: 6 | E59: COBERTURA
B60: 6.1 | E60: RUFOS E CALHAS
B61: 6.1.1 | C61: DER | D61: 90312 | E61: Calha em chapa galvanizada com largura de 40 cm | F61: m | G61: ='Agua pluvial'!G9 -> 110.19 | H61: =L61 -> 271.56 | I61: =ROUND(G61*H61,2) -> 29923.2 | K61: 203.8 | L61: =ROUND(K61*(1+$I$15),2) -> 271.56
B62: 7 | E62: REVESTIMENTO DE PAREDES
B63: 7.1 | E63: REVESTIMENTO COM ARGAMASSA
B64: 7.1.1 | C64: DER | D64: 120101 | E64: Chapisco de argamassa de cimento e areia média ou grossa lavada, no traço 1:3, espessura 5 mm | F64: m² | G64: ='BANCO DE CONCRETO'!L69+'CHAPISCO.REBOCO.EMBOÇO'!L42 -> 192.851 | H64: =L64 -> 9.14 | I64: =G64*H64 -> 1762.6581 | K64: 6.86 | L64: =ROUND(K64*(1+$I$15),2) -> 9.14
B65: 7.1.2 | C65: DER | D65: 120303 | E65: Reboco tipo paulista de argamassa de cimento, cal hidratada CH1 e areia média ou grossa lavada no traço 1:0.5:6, espessura 25 mm | F65: m² | G65: ='CHAPISCO.REBOCO.EMBOÇO'!L29+'BANCO DE CONCRETO'!L79 -> 567.791 | H65: =L65 -> 73.3 | I65: =G65*H65 -> 41619.08 | K65: 55.01 | L65: =ROUND(K65*(1+$I$15),2) -> 73.3 | M65: 276.07
B66: 7.2 | E66: ACABAMENTOS
B67: 7.2.1 | C67: ORSE | D67: 5057 | E67: Revestimento metálico em alumínio composto (Alucobond), e=0,3mm, pintura Kaynar 500 composta por seis camadas, inclusive estrutura metálica auxiliar em perfil de viga "U" de 2" - fornecimento e montagem | F67: m² | G67: ='ACABAMENTO-PAREDE'!L12 -> 559.26 | H67: =L67 -> 673.25 | I67: =G67*H67 -> 376521.79 | K67: 505.25 | L67: =ROUND(K67*(1+$I$15),2) -> 673.25
B68: 8 | E68: IMPERMEABILIZAÇÃO
B69: 8.1 | E69: IMPERMEABILIZAÇÃO CALHAS, LAJES DESCOBERTAS, BALDRAMES, PAREDES E JARDINEIRAS
B70: 8.1.1 | C70: DER | D70: 100203 | E70: Pintura impermeabilizante com igolflex ou equivalente a 3 demãos | F70: m² | G70: =IMPERMEABILIZAÇÃO!L10 -> 153.8448 | H70: =L70 -> 60.24 | I70: =ROUND(G70*H70,2) -> 9267.61 | K70: 45.21 | L70: =ROUND(K70*(1+$I$15),2) -> 60.24
B71: 9 | E71: PISOS INTERNOS E EXTERNOS
B72: 9.1 | E72: LASTRO DE CONTRAPISO
B73: 9.1.1 | C73: SINAPI | D73: 97087 | E73: Camada separadora para execução de radier, piso de concreto ou laje sobre solo, em lona plástica. af_09/2021 | F73: m² | G73: ='PISOS INTERNOS E EXTERNOS'!L6+'BANCO DE CONCRETO'!L110 -> 309.385 | H73: =L73 -> 2.76 | I73: =ROUND(G73*H73,2) -> 853.9 | K73: 2.07 | L73: =ROUND(K73*(1+$I$15),2) -> 2.76
B74: 9.1.2 | C74: ORSE | D74: 3637 | E74: Fornecimento e instalação de tela aço soldada nervurada CA-60, Q-92, malha 15x15cm, ferro 4.2mm (1.48 kg/m2), painel 2,45x6,0m, Telcon ou similar | F74: m² | G74: ='PISOS INTERNOS E EXTERNOS'!L7+'BANCO DE CONCRETO'!L110 -> 309.385 | H74: =L74 -> 35.6 | I74: =ROUND(G74*H74,2) -> 11014.11 | K74: 26.72 | L74: =ROUND(K74*(1+$I$15),2) -> 35.6
B75: 9.1.3 | C75: DER | D75: 130110 | E75: Lastro regularizado de concreto não estrutural, espessura de 8 cm | F75: m² | G75: ='PISOS INTERNOS E EXTERNOS'!L8+'BANCO DE CONCRETO'!L110 -> 309.385 | H75: =L75 -> 87.69 | I75: =ROUND(G75*H75,2) -> 27129.97 | K75: 65.81 | L75: =ROUND(K75*(1+$I$15),2) -> 87.69
B76: 9.2 | E76: ACABAMENTOS
B77: 9.2.1 | C77: DER | D77: 130209 | E77: Piso de cimentado camurçado executado com argamassa de cimento e areia no traço 1:3, esp. 3.0cm | F77: m² | G77: ='PISOS INTERNOS E EXTERNOS'!L9+'BANCO DE CONCRETO'!L119 -> 309.385 | H77: =L77 -> 125.92 | I77: =ROUND(G77*H77,2) -> 38957.76 | K77: 94.5 | L77: =ROUND(K77*(1+$I$15),2) -> 125.92
B78: 9.3 | E78: DEGRAUS, RODAPÉS, SOLEIRAS E PEITORIS
B79: 9.3.1 | C79: DER | D79: 130317 | E79: Peitoril de granito cinza polido, 15 cm, esp. 3cm | F79: m | G79: ='DEGRAU,PEITORIL E SOLEIRA'!L6 -> 113.5 | H79: =L79 -> 108.99 | I79: =ROUND(G79*H79,2) -> 12370.37 | K79: 81.79 | L79: =ROUND(K79*(1+$I$15),2) -> 108.99
B80: 10 | E80: INSTALAÇÕES HIDRO-SANITÁRIAS
B81: 10.1 | E81: TUBULAÇÃO DE LIGAÇÃO DE CAIXAS
B82: 10.1.1 | C82: DER | D82: 140903 | E82: Tubo PVC rígido para esgoto no diâmetro de 100mm incluindo escavação e aterro com areia | F82: m | G82: ='Agua pluvial'!G25 -> 95.5 | H82: =L82 -> 94.9 | I82: =ROUND(G82*H82,2) -> 9062.95 | K82: 71.22 | L82: =ROUND(K82*(1+$I$15),2) -> 94.9
B83: 10.1.2 | C83: DER | D83: 140904 | E83: Tubo PVC rígido para esgoto no diâmetro de 150mm incluindo escavação e aterro com areia | F83: m | G83: ='Agua pluvial'!G32 -> 55.3 | H83: =L83 -> 139.54 | I83: =ROUND(G83*H83,2) -> 7716.56 | K83: 104.72 | L83: =ROUND(K83*(1+$I$15),2) -> 139.54
B84: 10.1.3 | C84: SINAPI | D84: 89578 | E84: Tubo pvc, série r, água pluvial, dn 100 mm, fornecido e instalado em condutores verticais de águas pluviais. af_06/2022 | F84: m | G84: ='Agua pluvial'!G16 -> 100 | H84: =L84 -> 64.12 | I84: =ROUND(G84*H84,2) -> 6412 | K84: 48.12 | L84: =ROUND(K84*(1+$I$15),2) -> 64.12
B85: 10.1.4 | C85: SINAPI | D85: 89531 | E85: Joelho 45 graus, pvc, serie r, água pluvial, dn 100 mm, junta elástica, fornecido e instalado em ramal de encaminhamento. af_06/2022 | F85: und | G85: ='Agua pluvial'!G38 -> 20 | H85: =L85 -> 64.17 | I85: =ROUND(G85*H85,2) -> 1283.4 | K85: 48.16 | L85: =ROUND(K85*(1+$I$15),2) -> 64.17
B86: 10.1.5 | C86: SINAPI | D86: 95694 | E86: Curva 90 graus, pvc, serie r, água pluvial, dn 100 mm, junta elástica, fornecido e instalado em ramal de encaminhamento. af_06/2022 | F86: und | G86: ='Agua pluvial'!G39 -> 30 | H86: =L86 -> 95.19 | I86: =ROUND(G86*H86,2) -> 2855.7 | K86: 71.44 | L86: =ROUND(K86*(1+$I$15),2) -> 95.19
B87: 10.2 | E87: CAIXAS EMPREGANDO ARGAMASSA DE CIMENTO, CAL E AREIA
B88: 10.2.1 | C88: DER | D88: 141102 | E88: Caixa de areia de alvenaria de blocos de concreto 9x19x39cm, dim. 60x60cm e Hmáx=1m, c/ tampa em concreto esp. 5cm, lastro concreto esp. 10cm, revestida intern. c/ chapisco e reboco impermeabilizante, incl.escavação e reaterro | F88: und | G88: ='Agua pluvial'!G40 -> 10 | H88: =L88 -> 730.14 | I88: =ROUND(G88*H88,2) -> 7301.4 | K88: 547.95 | L88: =ROUND(K88*(1+$I$15),2) -> 730.14
B89: 11 | E89: INSTALAÇÕES ELÉTRICAS
B90: 11.1 | E90: QUADRO DE DISTRIBUIÇÃO
B91: 11.1.1 | C91: ORSE | D91: 12222 | E91: Quadro de distribuição de embutir, em chapa de aço, para até 08 disjuntores, com barramento, padrão DIN, exclusive disjuntores | F91: und | G91: =ELETRICA!H12 -> 1 | H91: =L91 -> 175.44 | I91: =ROUND(G91*H91,2) -> 175.44 | K91: 131.66 | L91: =ROUND(K91*(1+$I$15),2) -> 175.44
B92: 11.2 | E92: CAIXAS DE PASSAGEM
B93: 11.2.1 | C93: DER | D93: 150615 | E93: Caixa de passagem de alvenaria de blocos de concreto 9x19x39cm, dimensões de 40x40x50cm, com revestimento interno em chapisco e reboco, tampa de concreto esp.5cm e lastro de brita 5 cm | F93: und | G93: =ELETRICA!H8 -> 7 | H93: =L93 -> 243.77 | I93: =ROUND(G93*H93,2) -> 1706.39 | K93: 182.94 | L93: =ROUND(K93*(1+$I$15),2) -> 243.77
B94: 11.2.2 | C94: DER | D94: 150610 | E94: Caixa de aterramento de concreto simples, nas dimensões de 30x30x25cm, com revest. int. em chapisco e reboco, tampa de concreto esp.5cm e lastro de brita esp. 5 cm, incl. haste 5/8"x2400mm | F94: und | G94: =ELETRICA!H14 -> 1 | H94: =L94 -> 466.43 | I94: =ROUND(G94*H94,2) -> 466.43 | K94: 350.04 | L94: =ROUND(K94*(1+$I$15),2) -> 466.43
B95: 11.3 | E95: ELETRODUTOS E CONEXÕES
B96: 11.3.1 | C96: DER | D96: 151126 | E96: Eletroduto de PVC rígido roscável, diâm. 3/4" (25mm), inclusive conexões | F96: m | G96: =ELETRICA!H6 -> 136.1 | H96: =L96 -> 21.99 | I96: =ROUND(G96*H96,2) -> 2992.84 | K96: 16.5 | L96: =ROUND(K96*(1+$I$15),2) -> 21.99
B97: 11.3.2 | C97: DER | D97: 151127 | E97: Eletroduto de PVC rígido roscável, diâm. 1" (32mm), inclusive conexões | F97: m | G97: =ELETRICA!H7 -> 5.6 | H97: =L97 -> 32.73 | I97: =ROUND(G97*H97,2) -> 183.29 | K97: 24.56 | L97: =ROUND(K97*(1+$I$15),2) -> 32.73
B98: 11.4 | E98: CHAVES, FUSIVEIS E DISJUNTORES
B99: 11.4.1 | C99: SINAPI | D99: 93663 | E99: Disjuntor bipolar tipo din, corrente nominal de 25a - fornecimento e instalação. af_10/2020 | F99: und | G99: =ELETRICA!H10 -> 2 | H99: =L99 -> 74.09 | I99: =ROUND(G99*H99,2) -> 148.18 | K99: 55.6 | L99: =ROUND(K99*(1+$I$15),2) -> 74.09
B100: 11.4.2 | C100: SINAPI | D100: 93665 | E100: Disjuntor bipolar tipo din, corrente nominal de 40a - fornecimento e instalação. af_10/2020 | F100: und | G100: =ELETRICA!H11 -> 1 | H100: =L100 -> 83.4 | I100: =ROUND(G100*H100,2) -> 83.4 | K100: 62.59 | L100: =ROUND(K100*(1+$I$15),2) -> 83.4
B101: 11.5 | E101: FIOS E CABOS
B102: 11.5.1 | C102: DER | D102: 151419 | E102: Cabo de cobre termoplástico (PVC) flexível isolado 0,6/1kV, anti-chama 90ºC HEPR - 6,0 mm2 | F102: m | G102: =ELETRICA!H9 -> 387.84 | H102: =L102 -> 17.24 | I102: =ROUND(G102*H102,2) -> 6686.36 | K102: 12.94 | L102: =ROUND(K102*(1+$I$15),2) -> 17.24
B103: 12 | E103: OUTRAS INSTALAÇÕES | I103: =IF(F103<>0,G103*H103,"")
B104: 12.1 | E104: INSTALAÇÃO DE PÁRA-RAIO (SPDA)
B105: 12.1.1 | C105: ORSE | D105: 9900 | E105: Conector de pressão para cabo nu de 35mm² - fornecimento e instalação | F105: und | G105: ='Lista-SPDA'!E4 -> 80 | H105: =L105 -> 17.5 | I105: =ROUND(G105*H105,20) -> 1400 | K105: 13.13 | L105: =ROUND(K105*(1+$I$15),2) -> 17.5
B106: 12.1.2 | C106: DER | D106: 160328 | E106: Terminal estanhado de 1 compressão 1 furo, 35mm², ref. TEL-5135, marca de referência Termotécnica ou equivalente | F106: und | G106: ='Lista-SPDA'!E5 -> 18 | H106: =L106 -> 44.05 | I106: =ROUND(G106*H106,20) -> 792.9 | K106: 33.06 | L106: =ROUND(K106*(1+$I$15),2) -> 44.05
B107: 12.1.3 | C107: DER | D107: 160334 | E107: Terminal estanhado de 1 compressão 1 furo, 50mm², ref. TEL-5150, marca de referência Termotécnica ou equivalente | F107: und | G107: ='Lista-SPDA'!E7 -> 14 | H107: =L107 -> 57.52 | I107: =ROUND(G107*H107,20) -> 805.28 | K107: 43.17 | L107: =ROUND(K107*(1+$I$15),2) -> 57.52
B108: 12.1.4 | C108: DER | D108: 160313 | E108: Fixador universal latão estanhado p/ cabos 16 a 70 mm2 ref. 5024, incl. parafuso sextavado M6x45mm, arruela lisa 1/4", bucha nº8, vedação dos furos c/ poliuretano ref. 5905, marca de ref. Termotécnica ou equivalente | F108: und | G108: ='Lista-SPDA'!E11 -> 28 | H108: =L108 -> 78.47 | I108: =ROUND(G108*H108,20) -> 2197.16 | K108: 58.89 | L108: =ROUND(K108*(1+$I$15),2) -> 78.47
B109: 12.1.5 | C109: DER | D109: 160303 | E109: Aterramento com haste terra 5/8" x 2.40, cabo de cobre nu 6mm2, inclusive caixa de concreto 30 x 30 cm | F109: und | G109: ='Lista-SPDA'!E31 -> 14 | H109: =L109 -> 641.03 | I109: =ROUND(G109*H109,20) -> 8974.42 | K109: 481.07 | L109: =ROUND(K109*(1+$I$15),2) -> 641.03
B110: 12.1.6 | C110: DER | D110: 160312 | E110: Kit completo para solda Exotérmica (Molde HCL 5/8" Ref: TEL905611 / Cartucho n° 115 Ref: TEL 909115 / Alicate Z 201 Ref: TEL 998201), marca de referência Termotécnica ou equivalente | F110: und | G110: ='Lista-SPDA'!E26+'Lista-SPDA'!E27 -> 28 | H110: =L110 -> 60.52 | I110: =ROUND(G110*H110,20) -> 1694.56 | K110: 45.42 | L110: =ROUND(K110*(1+$I$15),2) -> 60.52
B111: 12.1.7 | C111: DER | D111: 160318 | E111: Cabo de cobre nú 35mm2, ref. TEL 5735, marca de referência Termotécnica ou equivalente | F111: m | G111: ='Lista-SPDA'!E3 -> 272 | H111: =L111 -> 67.78 | I111: =ROUND(G111*H111,20) -> 18436.16 | K111: 50.87 | L111: =ROUND(K111*(1+$I$15),2) -> 67.78
B112: 12.1.8 | C112: DER | D112: 160317 | E112: Cabo de cobre nú 50mm2, ref. TEL 5750, marca de referência Termotécnica ou equivalente | F112: m | G112: ='Lista-SPDA'!E6 -> 132 | H112: =L112 -> 100.87 | I112: =ROUND(G112*H112,20) -> 13314.84 | K112: 75.7 | L112: =ROUND(K112*(1+$I$15),2) -> 100.87
...

Sheet Cronograma Fís-Financ
B3: CRONOGRAMA FÍSICO - FINANCEIRO
B4: OBRA: | C4: CONSTRUÇÃO DO CAMPO SOCIETY NO COMPLEXO ESPORTIVO
B5: CONTRATANTE: | C5: PREFEITURA MUNICIPAL DE GUARAPARI/ES
B6: DATA: | C6: =' LICITAÇÃO'!I14 -> 45148
B8: ITEM | C8: ATIVIDADE | D8: CUSTO TOTAL | F8: 1º Mês | G8: 2º Mês | H8: 3º Mês | I8: 4º Mês | J8: 5º Mês | K8: 6º Mês | L8: 7º MÊS | M8: 8º MÊS
F9: _____________ | G9: _____________ | H9: _____________ | I9: _____________ | J9: _____________ | K9: _____________ | L9: _____________ | M9: _____________
B10: 1 | C10: =' LICITAÇÃO'!E20 -> SERVIÇOS PRELIMINARES | D10: =E10/$E$40 -> 0.005706913 | E10: =SUM(' LICITAÇÃO'!I22:I24) -> 9194.26 | F10: =E10*F11 -> 9194.26
D11: =E11/$E$40 -> 0 | F11: 1
B12: 2 | C12: =' LICITAÇÃO'!E25 -> INSTALAÇÃO DO CANTEIRO DE OBRAS | D12: =E12/$E$40 -> 0.011797253 | E12: =SUM(' LICITAÇÃO'!I27:I33) -> 19006.25 | F12: =$E$12*F13 -> 9503.125 | G12: =$E$12*G13 -> 9503.125
F13: 0.5 | G13: 0.5
B14: 3 | C14: =' LICITAÇÃO'!E34 -> MOVIMENTO DE TERRA | D14: =E14/$E$40 -> 0.0058091864 | E14: =SUM(' LICITAÇÃO'!I36:I42) -> 9359.03 | G14: =$E$14*G15 -> 4679.515 | H14: =$E$14*H15 -> 2339.7575 | I14: =$E$14*I15 -> 2339.7575
G15: 0.5 | H15: 0.25 | I15: 0.25
B16: 4 | C16: =' LICITAÇÃO'!E43 -> ESTRUTURAS | D16: =E16/$E$40 -> 0.027403852 | E16: =SUM(' LICITAÇÃO'!I45:I54) -> 44149.638 | G16: =$E$16*G17 -> 13244.891 | H16: =$E$16*H17 -> 30904.746
G17: 0.3 | H17: 0.7
B18: 5 | C18: =' LICITAÇÃO'!E55 -> PAREDES E PAINÉIS | D18: =E18/$E$40 -> 0.0078583603 | E18: =SUM(' LICITAÇÃO'!I57:I58) -> 12660.401 | H18: =$E$18*H19 -> 5697.1805 | I18: =$E$18*I19 -> 5697.1805 | J18: =$E$18*J19 -> 1266.0401
H19: 0.45 | I19: 0.45 | J19: 0.1
B20: 6 | C20: =' LICITAÇÃO'!E59 -> COBERTURA | D20: =E20/$E$40 -> 0.018573447 | E20: =SUM(' LICITAÇÃO'!I61) -> 29923.2 | H20: =$E$20*H21 -> 14961.6 | I20: =$E$20*I21 -> 14961.6
H21: 0.5 | I21: 0.5
B22: 7 | C22: =' LICITAÇÃO'!E62 -> REVESTIMENTO DE PAREDES | D22: =E22/$E$40 -> 0.26063576 | E22: =SUM(' LICITAÇÃO'!I64:I67) -> 419903.53 | G22: =$E$22*G23 -> 125971.06 | H22: =$E$22*H23 -> 125971.06 | I22: =$E$22*I23 -> 83980.707 | J22: =$E$22*J23 -> 83980.707
G23: 0.3 | H23: 0.3 | I23: 0.2 | J23: 0.2
B24: 8 | C24: =' LICITAÇÃO'!E68 -> IMPERMEABILIZAÇÃO | D24: =E24/$E$40 -> 0.0057524416 | E24: =SUM(' LICITAÇÃO'!I70) -> 9267.61 | H24: =$E$24*H25 -> 3707.044 | I24: =$E$24*I25 -> 3707.044 | J24: =$E$24*J25 -> 1853.522
H25: 0.4 | I25: 0.4 | J25: 0.2
B26: 9 | C26: =' LICITAÇÃO'!E71 -> PISOS INTERNOS E EXTERNOS | D26: =E26/$E$40 -> 0.056065768 | E26: =SUM(' LICITAÇÃO'!I73:I79) -> 90326.11 | K26: =$E$26*K27 -> 90326.11
K27: 1
B28: 10 | C28: =' LICITAÇÃO'!E80 -> INSTALAÇÕES HIDRO-SANITÁRIAS | D28: =E28/$E$40 -> 0.021496223 | E28: =SUM(' LICITAÇÃO'!I82:I88) -> 34632.01 | J28: =$E$28*J29 -> 34632.01
J29: 1
B30: 11 | C30: =' LICITAÇÃO'!E89 -> INSTALAÇÕES ELÉTRICAS | D30: =E30/$E$40 -> 0.0077230027 | E30: =SUM(' LICITAÇÃO'!I91:I102) -> 12442.33 | H30: =$E$30*H31 -> 3110.5825 | I30: =$E$30*I31 -> 3110.5825 | J30: =$E$30*J31 -> 3110.5825 | K30: =$E$30*K31 -> 3110.5825
H31: 0.25 | I31: 0.25 | J31: 0.25 | K31: 0.25
B32: 12 | C32: =' LICITAÇÃO'!E103 -> OUTRAS INSTALAÇÕES | D32: =E32/$E$40 -> 0.038033743 | E32: =SUM(' LICITAÇÃO'!I105:I122) -> 61275.18 | H32: =$E$32*H33 -> 24510.072 | I32: =$E$32*I33 -> 24510.072 | J32: =$E$32*J33 -> 12255.036
H33: 0.4 | I33: 0.4 | J33: 0.2
B34: 13 | C34: =' LICITAÇÃO'!E123 -> APARELHOS ELÉTRICOS | D34: =E34/$E$40 -> 0.0029602362 | E34: =SUM(' LICITAÇÃO'!I125) -> 4769.16 | K34: =$E$34*K35 -> 4769.16
K35: 1
B36: 14 | C36: =' LICITAÇÃO'!E126 -> PINTURA | D36: =E36/$E$40 -> 0.011740099 | E36: =SUM(' LICITAÇÃO'!I128:I131) -> 18914.17 | J36: =$E$36*J37 -> 18914.17
J37: 1
B38: 15 | C38: =' LICITAÇÃO'!E132 -> SERVIÇOS COMPLEMENTARES EXTERNOS | D38: =E38/$E$40 -> 0.51844372 | E38: =SUM(' LICITAÇÃO'!I134:I147) -> 835251.27 | H38: =$E$38*H39 -> 208812.82 | I38: =$E$38*I39 -> 208812.82 | J38: =$E$38*J39 -> 208812.82 | K38: =$E$38*K39 -> 208812.82
H39: 0.25 | I39: 0.25 | J39: 0.25 | K39: 0.25
B40: TOTAIS | C40: TOTAL GERAL | D40: =SUM(D10:D39) -> 1 | E40: =SUM(E10:E39) -> 1611074.2
C41: TOTAL SIMPLES | F41: =SUM(F10,F12,F14,F16,F18,F20,F22,F24,F26,F30,F28,F32,F34,F36,F38) -> 18697.385 | G41: =SUM(G10,G12,G14,G16,G18,G20,G22,G24,G26,G30,G28,G32,G34,G36,G38) -> 153398.59 | H41: =SUM(H10,H12,H14,H16,H18,H20,H22,H24,H26,H30,H28,H32,H34,H36,H38) -> 420014.86 | I41: =SUM(I10,I12,I14,I16,I18,I20,I22,I24,I26,I30,I28,I32,I34,I36,I38) -> 347119.76 | J41: =SUM(J10,J12,J14,J16,J18,J20,J22,J24,J26,J30,J28,J32,J34,J36,J38) -> 364824.88 | K41: =SUM(K10,K12,K14,K16,K18,K20,K22,K24,K26,K30,K28,K32,K34,K36,K38) -> 307018.67
C42: PORCENTAGEM SIMPLES | F42: =F41/$E$40 -> 0.01160554 | G42: =G41/$E$40 -> 0.095215103 | H42: =H41/$E$40 -> 0.26070486 | I42: =I41/$E$40 -> 0.21545859 | J42: =J41/$E$40 -> 0.22644823 | K42: =K41/$E$40 -> 0.19056768
C43: TOTAL ACUMULADO | F43: =F41 -> 18697.385 | G43: =F43+G41 -> 172095.98 | H43: =G43+H41 -> 592110.84 | I43: =H43+I41 -> 939230.6 | J43: =I43+J41 -> 1304055.5 | K43: =J43+K41 -> 1611074.2
C44: PORCENTAGEM ACUMULADA | F44: =F43/$E$40 -> 0.01160554 | G44: =G43/$E$40 -> 0.10682064 | H44: =H43/$E$40 -> 0.3675255 | I44: =I43/$E$40 -> 0.58298409 | J44: =J43/$E$40 -> 0.80943232 | K44: =K43/$E$40 -> 1
B45: * Recomendação encaminhada pela SEMFA, ante às alterações do anexo IV da IN 43/2017 promovidas pela Portaria Normativa 72/2019 do TCE-ES
B46: SECRETARIA MUNICIPAL DE OBRAS PÚBLICAS
B47: =' LICITAÇÃO'!B151 -> EMANUEL DE OLIVEIRA VIEIRA
B48: SECRETÁRIO MUNICIPAL
B49: ASSINATURA:

Sheet ESTRUTURA
B1: ESTRUTURA FUNDAÇÃO
B4: SAPATAS (ESCAVAÇÃO 1 X 1 X 1m ) | N4: SAPATAS (ESCAVAÇÃO 0,8 X 0,8 X 1 m ) PARA PAREDE TRIANGULAR
B5: ESCAVAÇÃO | C5: Und | D5: QTD | E5: Largura (m) | F5: Comp. (m) | G5: Altura (m) | H5: Perímetro (m) | I5: Espessura (m) | J5: Vol. (m³) | K5: Área (m²) | L5: Total | N5: ESCAVAÇÃO | O5: Und | P5: QTD | Q5: Largura (m) | R5: Comp. (m) | S5: Altura (m) | T5: Perímetro (m) | U5: Espessura (m) | V5: Vol. (m³) | W5: Área (m²) | X5: Total
B7: ESCAVAÇÃO DAS SAPATAS | C7: m³ | D7: 7 | E7: 1.2 | F7: 1.2 | G7: 1.05 | J7: =K7*G7 -> 1.512 | K7: =ROUND(F7*E7,2) -> 1.44 | L7: =J7*D7 -> 10.584 | N7: ESCAVAÇÃO DAS SAPATAS | O7: m³ | P7: 6 | Q7: 1 | R7: 1 | S7: 1.05 | V7: =W7*S7 -> 1.05 | W7: =ROUND(R7*Q7,2) -> 1 | X7: =V7*P7 -> 6.3
B8: TOTAL: (m³) | L8: =SUM(L7:L7) -> 10.584 | N8: TOTAL: (m³) | X8: =SUM(X7:X7) -> 6.3
B11: APILOAMENTO | N11: APILOAMENTO PARA PAREDE TRIANGULAR
B12: APILOAMENTO | C12: Und | D12: QTD | E12: Largura (m) | F12: Comp. (m) | G12: Altura (m) | H12: Perímetro (m) | I12: Espessura (m) | J12: Vol. (m³) | K12: Área (m²) | L12: Total | N12: APILOAMENTO | O12: Und | P12: QTD | Q12: Largura (m) | R12: Comp. (m) | S12: Altura (m) | T12: Perímetro (m) | U12: Espessura (m) | V12: Vol. (m³) | W12: Área (m²) | X12: Total
B14: APILOAMENTO DAS SAPATAS | C14: m² | D14: 7 | E14: 1.2 | F14: 1.2 | K14: =(E14*F14)*D14 -> 10.08 | L14: =J14*D14 -> 0 | N14: APILOAMENTO DAS SAPATAS | O14: m² | P14: 6 | Q14: 1 | R14: 1 | W14: =(Q14*R14)*P14 -> 6 | X14: =V14*P14 -> 0
B15: TOTAL: (m²) | L15: =K14 -> 10.08 | N15: TOTAL: (m²) | X15: =W14 -> 6
B18: CONCRETO MAGRO PARA AS SAPATAS | N18: CONCRETO MAGRO PARA AS SAPATAS PARA PAREDE TRIANGULAR
B19: CONCRETO MAGRO | C19: Und | D19: QTD | E19: Largura (m) | F19: Comp. (m) | G19: Altura (m) | H19: Perímetro (m) | I19: Espessura (m) | J19: Vol. (m³) | K19: Área (m²) | L19: Total | N19: CONCRETO MAGRO | O19: Und | P19: QTD | Q19: Largura (m) | R19: Comp. (m) | S19: Altura (m) | T19: Perímetro (m) | U19: Espessura (m) | V19: Vol. (m³) | W19: Área (m²) | X19: Total
B21: CONCRETO MAGRO | C21: m³ | D21: 7 | E21: 1 | F21: 1 | G21: 0.05 | J21: =(K21*G21) -> 0.05 | K21: =(E21*F21) -> 1 | L21: =J21*D21 -> 0.35 | N21: CONCRETO MAGRO | O21: m³ | P21: 6 | Q21: 0.8 | R21: 0.8 | S21: 0.05 | V21: =(W21*S21) -> 0.032 | W21: =(Q21*R21) -> 0.64 | X21: =V21*P21 -> 0.192
B22: TOTAL: (m³) | L22: =SUM(L21:L21) -> 0.35 | N22: TOTAL: (m³) | X22: =SUM(X21:X21) -> 0.192
B25: FORMA LATERAIS PARA CONCRETO DAS SAPATAS | N25: FORMA LATERAIS PARA CONCRETO DAS SAPATAS PARA PAREDE TRIANGULAR
B26: FORMA LATERAIS P | C26: Und | D26: QTD | E26: Largura (m) | F26: Comp. (m) | G26: Altura (m) | H26: Perímetro (m) | I26: Espessura (m) | J26: Vol. (m³) | K26: Área (m²) | L26: Total | N26: FORMA LATERAIS P | O26: Und | P26: QTD | Q26: Largura (m) | R26: Comp. (m) | S26: Altura (m) | T26: Perímetro (m) | U26: Espessura (m) | V26: Vol. (m³) | W26: Área (m²) | X26: Total
B28: FORMA | C28: m² | D28: 7 | E28: 1 | F28: 1 | G28: 0.3 | K28: =(F28*G28*4) -> 1.2 | L28: =K28*D28 -> 8.4 | N28: FORMA | O28: m² | P28: 6 | Q28: 0.8 | R28: 0.8 | S28: 0.3 | W28: =(R28*S28*4) -> 0.96 | X28: =W28*P28 -> 5.76
B29: TOTAL: (m²) | L29: =L28 -> 8.4 | N29: TOTAL: (m²) | X29: =X28 -> 5.76
B32: CONCRETO FCK 25 MPA | N32: CONCRETO FCK 25 MPA PARA PAREDE TRIANGULAR
B33: CONCRETO | C33: Und | D33: QTD | E33: Largura (m) | F33: Comp. (m) | G33: Altura (m) | H33: Perímetro (m) | I33: Espessura (m) | J33: Vol. (m³) | K33: Área (m²) | L33: Total | N33: CONCRETO | O33: Und | P33: QTD | Q33: Largura (m) | R33: Comp. (m) | S33: Altura (m) | T33: Perímetro (m) | U33: Espessura (m) | V33: Vol. (m³) | W33: Área (m²) | X33: Total
B35: CONCRETO DAS SAPATAS | C35: m³ | D35: 7 | E35: 1 | F35: 1 | G35: 0.3 | J35: =K35*G35 -> 0.3 | K35: =(E35*F35) -> 1 | L35: =J35*D35 -> 2.1 | N35: CONCRETO DAS SAPATAS | O35: m³ | P35: 6 | Q35: 0.8 | R35: 0.8 | S35: 0.3 | V35: =W35*S35 -> 0.192 | W35: =(Q35*R35) -> 0.64 | X35: =V35*P35 -> 1.152
B36: TOTAL: (m³) | L36: =SUM(L35:L35) -> 2.1 | N36: TOTAL: (m³) | X36: =SUM(X35:X35) -> 1.152
B39: AÇO DA ESTEIRA DA SAPATA 10,00 mm | N39: AÇO DA ESTEIRA DA SAPATA 10,00 mm PARA PAREDE TRIANGULAR
B40: AÇO DA ESTEIRA DA SAPATA | C40: Und | D40: QTD | E40: Largura (m) | F40: Comp. (m) | G40: Perímetro (m) | H40: 6 barras por lado | I40: peso Kg/m barra 10,00mm | J40: perda 10% | K40: Peso(kg) | L40: Total | N40: AÇO DA ESTEIRA DA SAPATA | O40: Und | P40: QTD | Q40: Largura (m) | R40: Comp. (m) | S40: Perímetro (m) | T40: 5 barras por lado | U40: peso Kg/m barra 10,00mm | V40: perda 10% | W40: Peso(kg) | X40: Total
B42: AÇO | C42: Kg | D42: 7 | E42: =0.9+0.1+0.1 -> 1.1 | F42: =E42 -> 1.1 | G42: =(E42*H42) -> 13.2 | H42: =6+6 -> 12 | I42: 0.617 | J42: 0.1 | K42: =(G42*I42)*(1+J42) -> 8.95884 | L42: =K42*D42 -> 62.71188 | N42: AÇO | O42: Kg | P42: 6 | Q42: =0.7+0.1+0.1 -> 0.9 | R42: =Q42 -> 0.9 | S42: =(Q42*T42) -> 9 | T42: =5+5 -> 10 | U42: 0.617 | V42: 0.1 | W42: =(S42*U42)*(1+V42) -> 6.1083 | X42: =W42*P42 -> 36.6498
B43: TOTAL: (kg) | L43: =SUM(L42:L42) -> 62.71188 | N43: TOTAL: (kg) | X43: =SUM(X42:X42) -> 36.6498
B46: REATERRO DAS SAPATAS | N46: REATERRO DAS SAPATAS PARA PAREDE TRIANGULAR
B47: REATERRO DAS SAPATAS | C47: Und | D47: QTD | E47: Largura (m) | F47: Comp. (m) | G47: Altura (m) | H47: Perímetro (m) | I47: Espessura (m) | J47: Vol. (m³) | K47: Área (m²) | L47: Total | N47: REATERRO DAS SAPATAS | O47: Und | P47: QTD | Q47: Largura (m) | R47: Comp. (m) | S47: Altura (m) | T47: Perímetro (m) | U47: Espessura (m) | V47: Vol. (m³) | W47: Área (m²) | X47: Total
B49: REATERRO (VOL.ESCAVO - VOL. CONCRETADO) | C49: m³ | J49: =L8-L36 -> 8.484 | L49: =J49 -> 8.484 | N49: REATERRO (VOL.ESCAVO - VOL. CONCRETADO) | O49: m³ | V49: =X8-X36 -> 5.148 | X49: =V49 -> 5.148
B50: TOTAL: (m³) | L50: =SUM(L49:L49) -> 8.484 | N50: TOTAL: (m³) | X50: =SUM(X49:X49) -> 5.148
B53: SOBRA DE TERRA | N53: SOBRA DE TERRA PARA PAREDE TRIANGULAR
B54: SOBRA DE TERRA | C54: Und | D54: QTD | E54: Largura (m) | F54: Comp. (m) | G54: Altura (m) | H54: Perímetro (m) | I54: Fator emp.30% | J54: Vol. (m³) | K54: Área (m²) | L54: Total | N54: SOBRA DE TERRA | O54: Und | P54: QTD | Q54: Largura (m) | R54: Comp. (m) | S54: Altura (m) | T54: Perímetro (m) | U54: Fator emp.30% | V54: Vol. (m³) | W54: Área (m²) | X54: Total
B56: SOBRA DE TERRA | C56: m³ | I56: 0.3 | J56: =L36*(1+I56) -> 2.73 | L56: =J56*D56 -> 0 | N56: SOBRA DE TERRA | O56: m³ | U56: 0.3 | V56: =X36*(1+U56) -> 1.4976 | X56: =V56 -> 1.4976
B57: TOTAL: (m³) | L57: =J56 -> 2.73 | N57: TOTAL: (m³) | X57: =V56 -> 1.4976
B60: RESUMO DE MATERIAIS
B61: SERVIÇO | C61: Und | D61: Total
B63: ESCAVAÇÃO DAS SAPATAS | C63: m³ | D63: =L8+X8 -> 16.884
B64: APILOAMENTO DAS SAPATAS | C64: m² | D64: =L15+X15 -> 16.08
B65: CONCRETO MAGRO | C65: m³ | D65: =L22+X22 -> 0.542
B66: CONCRETO FUNDAÇÃO | C66: m³ | D66: =L36+X36 -> 3.252
B67: FORMA FUNDAÇÃO | C67: m² | D67: =L29+X29 -> 14.16
B68: AÇO DE 6,3 a 10,00mm | C68: Kg | D68: =L43+X43 -> 99.36168
B69: REATERRO | C69: m³ | D69: =L50+X50 -> 13.632
B70: SOBRA DE TERRA | C70: m³ | D70: =L57+X57 -> 4.2276
B74: ESTRUTURA (SUPERESTRUTURA)
B77: CONCRETO DOS PILARES CIRCULARES DIAMETRO DE 45 CM | N77: CONCRETO DOS PILARES E VIGAS DA PAREDE TRIANGULAR
B78: CONCRETO PILARES CIRCULAR | C78: Und | D78: QTD | E78: raio (m) | F78: Comp. (m) | G78: Altura (m) | H78: Perímetro (m) | I78: Espessura (m) | J78: Vol. (m³) | K78: Área (m²) | L78: Total | N78: CONCRETO PILARES | O78: Und | P78: QTD | Q78: larg. (m) | R78: Comp. (m) | S78: Altura (m) | T78: Perímetro (m) | U78: Espessura (m) | V78: Vol. (m³) | W78: Área (m²) | X78: Total
B80: CONCRETO PILARES CIRCULAR | C80: m³ | D80: 7 | E80: =0.45/2 -> 0.225 | G80: =3.2+1 -> 4.2 | J80: =K80*G80 -> 0.6676425 | K80: =3.14*(E80*E80) -> 0.1589625 | L80: =J80*D80 -> 4.6734975 | N80: CONCRETO DO PILARES VERTICAIS | O80: m³ | P80: 3 | Q80: 0.12 | R80: 0.3 | S80: 7.06 | V80: =(Q80*R80*S80)*P80 -> 0.76248 | X80: =V80*P80 -> 2.28744
B81: TOTAL: (m³) | L81: =SUM(L80:L80) -> 4.6734975 | N81: CONCRETO PILARES INCLINADOS | O81: m³ | P81: 3 | Q81: 0.12 | R81: 0.3 | S81: 8.65 | V81: =(Q81*R81*S81)*P81 -> 0.9342 | X81: =V81*P81 -> 2.8026
N82: CONCRETO DAS VIGAS DO TOPO SUDESTE | O82: m³ | P82: 1 | Q82: 0.12 | R82: 7.63 | S82: 0.3 | V82: =(Q82*R82*S82)*P82 -> 0.27468 | X82: =V82 -> 0.27468
N83: CONCRETO DAS VIGAS DA INTERMEDIARIA SUDESTE | O83: m³ | P83: 1 | Q83: 0.12 | R83: 4.94 | S83: 0.3 | V83: =(Q83*R83*S83)*P83 -> 0.17784 | X83: =V83 -> 0.17784
B84: FORMA DOS PILARES CIRCULARES DIAMETRO DE 45 CM | N84: CONCRETO DAS VIGAS DA BASE SUDESTE | O84: m³ | P84: 1 | Q84: 0.12 | R84: 2.31 | S84: 0.3 | V84: =(Q84*R84*S84)*P84 -> 0.08316 | X84: =V84 -> 0.08316
B85: FORMA CIRCULA | C85: Und | D85: QTD | E85: raio (m) | F85: Comp. (m) | G85: Altura (m) | H85: Diametro (m) | I85: circunferencia (m) C=2.π.r | J85: Vol. (m³) | K85: Área (m²) | L85: Total | N85: CONCRETO DAS VIGAS DO TOPO SUDOESTE | O85: m³ | P85: 1 | Q85: 0.12 | R85: 4.59 | S85: 0.3 | V85: =(Q85*R85*S85)*P85 -> 0.16524 | X85: =V85 -> 0.16524
N86: CONCRETO DAS VIGAS DA INTERMEDIARIA SUDOESTE | O86: m³ | P86: 1 | Q86: 0.12 | R86: 2.94 | S86: 0.3 | V86: =(Q86*R86*S86)*P86 -> 0.10584 | X86: =V86 -> 0.10584
B87: FORMA CIRCULA | C87: m² | D87: 7 | E87: =0.225 -> 0.225 | F87: 1.2 | G87: =3.2+1 -> 4.2 | H87: 0.45 | I87: =2*3.14*E87 -> 1.413 | K87: =I87*G87 -> 5.9346 | L87: =D87*K87 -> 41.5422 | N87: CONCRETO DAS VIGAS DA BASE SUDOESTE | O87: m³ | P87: 1 | Q87: 0.12 | R87: 1.22 | S87: 0.3 | V87: =(Q87*R87*S87)*P87 -> 0.04392 | X87: =V87 -> 0.04392
B88: TOTAL: (m²) | L88: =L87 -> 41.5422 | N88: CONCRETO DAS VIGAS DO TOPO NORDESTE | O88: m³ | P88: 1 | Q88: 0.12 | R88: 6.54 | S88: 0.3 | V88: =(Q88*R88*S88)*P88 -> 0.23544 | X88: =V88 -> 0.23544
N89: CONCRETO DAS VIGAS DA INTERMEDIARIA NORDESTE | O89: m³ | P89: 1 | Q89: 0.12 | R89: 4.15 | S89: 0.3 | V89: =(Q89*R89*S89)*P89 -> 0.1494 | X89: =V89 -> 0.1494
N90: CONCRETO DAS VIGAS DA BASE NORDESTE | O90: m³ | P90: 1 | Q90: 0.12 | R90: 1.76 | S90: 0.3 | V90: =(Q90*R90*S90)*P90 -> 0.06336 | X90: =V90 -> 0.06336
B91: AÇO longitudinal dos pilares 10,00 mm | N91: TOTAL: (m³) | X91: =SUM(X80:X90) -> 6.38892
B92: AÇO DOS PILARES | C92: Und | D92: QTD | E92: Largura (m) | F92: Comp. (m) | G92: Perímetro (m) | H92: 6 barras | I92: peso Kg/m barra 10,00mm | J92: perda 10% | K92: Peso(kg) | L92: Total
B94: AÇO LONGITUDINAL | C94: Kg | D94: 7 | F94: =4.35 -> 4.35 | H94: 6 | I94: 0.617 | J94: 0.1 | K94: =(F94*I94*H94)*(1+J94) -> 17.71407 | L94: =K94*D94 -> 123.99849 | N94: FORMA DOS PILARES E VIGAS DA PAREDE TRIANGULAR
B95: TOTAL: (kg) | L95: =SUM(L94:L94) -> 123.99849 | N95: CONCRETO PILARES | O95: Und | P95: QTD | Q95: larg. (m) | R95: Comp. (m) | S95: Altura (m) | T95: Perímetro (m) | U95: Espessura (m) | V95: Vol. (m³) | W95: Área (m²) | X95: Total
N97: CONCRETO DO PILARES VERTICAIS | O97: m² | P97: 3 | Q97: 0.12 | R97: 0.3 | S97: 7.06 | T97: =Q97+R97+R97+R97 -> 1.02 | W97: =((Q97*S97*2)+(R97*S97*2))*P97 -> 17.7912 | X97: =W97 -> 17.7912
B98: AÇO TRANVERSAL DO PILARES 5,00 mm (ESTRIBO) | N98: CONCRETO PILARES INCLINADOS | O98: m² | P98: 3 | Q98: 0.12 | R98: 0.3 | S98: 8.65 | T98: =Q98+R98+R98+R98 -> 1.02 | W98: =((Q98*S98*2)+(R98*S98*2))*P98 -> 21.798 | X98: =W98 -> 21.798
B99: AÇO TRANVERSAL DO PILARES | C99: Und | D99: QTD | E99: circunferencia (m) C=2.π.r | F99: Comp. (m) | G99: Perímetro (m) | H99: Qtd. Estribos | I99: peso Kg/m barra 5,00mm | J99: perda 10% | K99: Peso(kg) | L99: Total | N99: CONCRETO DAS VIGAS DO TOPO SUDESTE | O99: m² | P99: 1 | Q99: 0.12 | R99: 7.63 | S99: 0.3 | T99: =S99+Q99+S99 -> 0.72 | W99: =(T99*R99)*P99 -> 5.4936 | X99: =W99 -> 5.4936
N100: CONCRETO DAS VIGAS DA INTERMEDIARIA SUDESTE | O100: m² | P100: 1 | Q100: 0.12 | R100: 4.94 | S100: 0.3 | T100: =S100+Q100+S100 -> 0.72 | W100: =(T100*R100)*P100 -> 3.5568 | X100: =W100 -> 3.5568
B101: ESTRIBO | C101: Kg | D101: 7 | E101: =I87 -> 1.413 | H101: =4.2/0.15 -> 28 | I101: 0.154 | J101: 0.1 | K101: =(E101*I101*H101) -> 6.092856 | L101: =K101*D101 -> 42.649992 | N101: CONCRETO DAS VIGAS DA BASE SUDESTE | O101: m² | P101: 1 | Q101: 0.12 | R101: 2.31 | S101: 0.3 | T101: =S101+Q101+S101 -> 0.72 | W101: =(T101*R101)*P101 -> 1.6632 | X101: =W101 -> 1.6632
B102: TOTAL: (kg) | L102: =SUM(L101:L101) -> 42.649992 | N102: CONCRETO DAS VIGAS DO TOPO SUDOESTE | O102: m² | P102: 1 | Q102: 0.12 | R102: 4.59 | S102: 0.3 | T102: =S102+Q102+S102 -> 0.72 | W102: =(T102*R102)*P102 -> 3.3048 | X102: =W102 -> 3.3048
N103: CONCRETO DAS VIGAS DA INTERMEDIARIA SUDOESTE | O103: m² | P103: 1 | Q103: 0.12 | R103: 2.94 | S103: 0.3 | T103: =S103+Q103+S103 -> 0.72 | W103: =(T103*R103)*P103 -> 2.1168 | X103: =W103 -> 2.1168
N104: CONCRETO DAS VIGAS DA BASE SUDOESTE | O104: m² | P104: 1 | Q104: 0.12 | R104: 1.22 | S104: 0.3 | T104: =S104+Q104+S104 -> 0.72 | W104: =(T104*R104)*P104 -> 0.8784 | X104: =W104 -> 0.8784
B105: RESUMO DE MATERIAIS | N105: CONCRETO DAS VIGAS DO TOPO NORDESTE | O105: m² | P105: 1 | Q105: 0.12 | R105: 6.54 | S105: 0.3 | T105: =S105+Q105+S105 -> 0.72 | W105: =(T105*R105)*P105 -> 4.7088 | X105: =W105 -> 4.7088
B106: SERVIÇO | C106: Und | D106: Total | N106: CONCRETO DAS VIGAS DA INTERMEDIARIA NORDESTE | O106: m² | P106: 1 | Q106: 0.12 | R106: 4.15 | S106: 0.3 | T106: =S106+Q106+S106 -> 0.72 | W106: =(T106*R106)*P106 -> 2.988 | X106: =W106 -> 2.988
N107: CONCRETO DAS VIGAS DA BASE NORDESTE | O107: m² | P107: 1 | Q107: 0.12 | R107: 1.76 | S107: 0.3 | T107: =S107+Q107+S107 -> 0.72 | W107: =(T107*R107)*P107 -> 1.2672 | X107: =W107 -> 1.2672
B108: FORMA SUPERESTRUTURA | C108: m² | D108: =X108 -> 65.5668 | N108: TOTAL: (m2) | X108: =SUM(X97:X107) -> 65.5668
B109: FORMA CIRCULAR DA SUPERESTRUTURA | C109: m² | D109: =L88 -> 41.5422
B110: CONCRETO SUPERESTRUTURA | C110: m³ | D110: =L81+X91 -> 11.062417 | N110: AÇO longitudinal dos pilares 10,00 mm
B111: AÇO DE 4,0 a 7,00mm | C111: Kg | D111: =L102+X140 -> 146.11893 | N111: AÇO DOS PILARES | O111: Und | P111: QTD | Q111: Largura (m) | R111: Comp. (m) | S111: Perímetro (m) | T111: 6 barras | U111: peso Kg/m barra 10,00mm | V111: perda 10% | W111: Peso(kg) | X111: Total
B112: AÇO DE 6,3 a 10,00mm | C112: Kg | D112: =L95+X124 -> 353.9692
N113: CONCRETO DO PILARES VERTICAIS | O113: m³ | P113: 3 | R113: =7.06+0.1 -> 7.16 | S113: =(R113*T113)*P113 -> 85.92 | T113: 4 | U113: 0.617 | V113: 0.1 | W113: =(S113*U113)*(1+V113) -> 58.313904 | X113: =W113 -> 58.313904 | Z113: =R113*T113*P113 -> 85.92 | AA113: =Z113*U113 -> 53.01264 | AB113: =AA113*(1+V113) -> 58.313904
N114: CONCRETO PILARES INCLINADOS | O114: m³ | P114: 3 | R114: =8.65+0.1 -> 8.75 | S114: =(R114*T114)*P114 -> 105 | T114: 4 | U114: 0.617 | V114: 0.1 | W114: =(S114*U114)*(1+V114) -> 71.2635 | X114: =W114 -> 71.2635 | Z114: =R114*T114*P114 -> 105 | AA114: =Z114*U114 -> 64.785 | AB114: =AA114*(1+V114) -> 71.2635
N115: CONCRETO DAS VIGAS DO TOPO SUDESTE | O115: m³ | P115: 1 | R115: =7.63+0.1 -> 7.73 | S115: =(R115*T115)*P115 -> 30.92 | T115: 4 | U115: 0.617 | V115: 0.1 | W115: =(S115*U115)*(1+V115) -> 20.985404 | X115: =W115 -> 20.985404 | Z115: =R115*T115*P115 -> 30.92 | AA115: =Z115*U115 -> 19.07764 | AB115: =AA115*(1+V115) -> 20.985404
N116: CONCRETO DAS VIGAS DA INTERMEDIARIA SUDESTE | O116: m³ | P116: 1 | R116: =4.94+0.1 -> 5.04 | S116: =(R116*T116)*P116 -> 20.16 | T116: 4 | U116: 0.617 | V116: 0.1 | W116: =(S116*U116)*(1+V116) -> 13.682592 | X116: =W116 -> 13.682592 | Z116: =R116*T116*P116 -> 20.16 | AA116: =Z116*U116 -> 12.43872 | AB116: =AA116*(1+V116) -> 13.682592
N117: CONCRETO DAS VIGAS DA BASE SUDESTE | O117: m³ | P117: 1 | R117: =2.31+0.1 -> 2.41 | S117: =(R117*T117)*P117 -> 9.64 | T117: 4 | U117: 0.617 | V117: 0.1 | W117: =(S117*U117)*(1+V117) -> 6.542668 | X117: =W117 -> 6.542668 | Z117: =R117*T117*P117 -> 9.64 | AA117: =Z117*U117 -> 5.94788 | AB117: =AA117*(1+V117) -> 6.542668
N118: CONCRETO DAS VIGAS DO TOPO SUDOESTE | O118: m³ | P118: 1 | R118: =4.59+0.1 -> 4.69 | S118: =(R118*T118)*P118 -> 18.76 | T118: 4 | U118: 0.617 | V118: 0.1 | W118: =(S118*U118)*(1+V118) -> 12.732412 | X118: =W118 -> 12.732412 | Z118: =R118*T118*P118 -> 18.76 | AA118: =Z118*U118 -> 11.57492 | AB118: =AA118*(1+V118) -> 12.732412
N119: CONCRETO DAS VIGAS DA INTERMEDIARIA SUDOESTE | O119: m³ | P119: 1 | R119: =2.94+0.1 -> 3.04 | S119: =(R119*T119)*P119 -> 12.16 | T119: 4 | U119: 0.617 | V119: 0.1 | W119: =(S119*U119)*(1+V119) -> 8.252992 | X119: =W119 -> 8.252992 | Z119: =R119*T119*P119 -> 12.16 | AA119: =Z119*U119 -> 7.50272 | AB119: =AA119*(1+V119) -> 8.252992
N120: CONCRETO DAS VIGAS DA BASE SUDOESTE | O120: m³ | P120: 1 | R120: =1.22+0.1 -> 1.32 | S120: =(R120*T120)*P120 -> 5.28 | T120: 4 | U120: 0.617 | V120: 0.1 | W120: =(S120*U120)*(1+V120) -> 3.583536 | X120: =W120 -> 3.583536 | Z120: =R120*T120*P120 -> 5.28 | AA120: =Z120*U120 -> 3.25776 | AB120: =AA120*(1+V120) -> 3.583536
N121: CONCRETO DAS VIGAS DO TOPO NORDESTE | O121: m³ | P121: 1 | R121: =6.54+0.1 -> 6.64 | S121: =(R121*T121)*P121 -> 26.56 | T121: 4 | U121: 0.617 | V121: 0.1 | W121: =(S121*U121)*(1+V121) -> 18.026272 | X121: =W121 -> 18.026272 | Z121: =R121*T121*P121 -> 26.56 | AA121: =Z121*U121 -> 16.38752 | AB121: =AA121*(1+V121) -> 18.026272
N122: CONCRETO DAS VIGAS DA INTERMEDIARIA NORDESTE | O122: m³ | P122: 1 | R122: =4.15+0.1 -> 4.25 | S122: =(R122*T122)*P122 -> 17 | T122: 4 | U122: 0.617 | V122: 0.1 | W122: =(S122*U122)*(1+V122) -> 11.5379 | X122: =W122 -> 11.5379 | Z122: =R122*T122*P122 -> 17 | AA122: =Z122*U122 -> 10.489 | AB122: =AA122*(1+V122) -> 11.5379
N123: CONCRETO DAS VIGAS DA BASE NORDESTE | O123: m³ | P123: 1 | R123: =1.76+0.1 -> 1.86 | S123: =(R123*T123)*P123 -> 7.44 | T123: 4 | U123: 0.617 | V123: 0.1 | W123: =(S123*U123)*(1+V123) -> 5.049528 | X123: =W123 -> 5.049528 | Z123: =R123*T123*P123 -> 7.44 | AA123: =Z123*U123 -> 4.59048 | AB123: =AA123*(1+V123) -> 5.049528
N124: TOTAL: (kg) | X124: =SUM(X113:X123) -> 229.97071
N127: AÇO TRANVERSAL DO PILARES E VIGAS5,00 mm (ESTRIBO)
N128: AÇO TRANVERSAL DO PILARES | O128: Und | P128: QTD | Q128: Largura (m) | R128: Comp. (m) | S128: Perímetro (m) | T128: Qtd. Estribos | U128: peso Kg/m barra 5,00mm | V128: perda 10% | W128: Peso(kg) | X128: Total
N129: CONCRETO DO PILARES VERTICAIS | O129: m³ | P129: 3 | R129: =7.06+0.1 -> 7.16 | S129: =0.25+0.25+0.07+0.07+0.1 -> 0.74 | T129: =R129/0.15 -> 47.733333 | U129: 0.154 | V129: 0.1 | W129: =(T129*U129)+(1+V129) -> 8.4509333 | X129: =W129*P129 -> 25.3528
N130: CONCRETO PILARES INCLINADOS | O130: m³ | P130: 3 | R130: =8.65+0.1 -> 8.75 | S130: =0.25+0.25+0.07+0.07+0.1 -> 0.74 | T130: =R130/0.15 -> 58.333333 | U130: 0.154 | V130: 0.1 | W130: =(T130*U130)+(1+V130) -> 10.083333 | X130: =W130*P130 -> 30.25
N131: CONCRETO DAS VIGAS DO TOPO SUDESTE | O131: m³ | P131: 1 | R131: =7.63+0.1 -> 7.73 | S131: =0.25+0.25+0.07+0.07+0.1 -> 0.74 | T131: =R131/0.15 -> 51.533333 | U131: 0.154 | V131: 0.1 | W131: =(T131*U131)+(1+V131) -> 9.0361333 | X131: =W131*P131 -> 9.0361333
N132: CONCRETO DAS VIGAS DA INTERMEDIARIA SUDESTE | O132: m³ | P132: 1 | R132: =4.94+0.1 -> 5.04 | S132: =0.25+0.25+0.07+0.07+0.1 -> 0.74 | T132: =R132/0.15 -> 33.6 | U132: 0.154 | V132: 0.1 | W132: =(T132*U132)+(1+V132) -> 6.2744 | X132: =W132*P132 -> 6.2744
N133: CONCRETO DAS VIGAS DA BASE SUDESTE | O133: m³ | P133: 1 | R133: =2.31+0.1 -> 2.41 | S133: =0.25+0.25+0.07+0.07+0.1 -> 0.74 | T133: =R133/0.15 -> 16.066667 | U133: 0.154 | V133: 0.1 | W133: =(T133*U133)+(1+V133) -> 3.5742667 | X133: =W133*P133 -> 3.5742667
N134: CONCRETO DAS VIGAS DO TOPO SUDOESTE | O134: m³ | P134: 1 | R134: =4.59+0.1 -> 4.69 | S134: =0.25+0.25+0.07+0.07+0.1 -> 0.74 | T134: =R134/0.15 -> 31.266667 | U134: 0.154 | V134: 0.1 | W134: =(T134*U134)+(1+V134) -> 5.9150667 | X134: =W134*P134 -> 5.9150667
N135: CONCRETO DAS VIGAS DA INTERMEDIARIA SUDOESTE | O135: m³ | P135: 1 | R135: =2.94+0.1 -> 3.04 | S135: =0.25+0.25+0.07+0.07+0.1 -> 0.74 | T135: =R135/0.15 -> 20.266667 | U135: 0.154 | V135: 0.1 | W135: =(T135*U135)+(1+V135) -> 4.2210667 | X135: =W135*P135 -> 4.2210667
N136: CONCRETO DAS VIGAS DA BASE SUDOESTE | O136: m³ | P136: 1 | R136: =1.22+0.1 -> 1.32 | S136: =0.25+0.25+0.07+0.07+0.1 -> 0.74 | T136: =R136/0.15 -> 8.8 | U136: 0.154 | V136: 0.1 | W136: =(T136*U136)+(1+V136) -> 2.4552 | X136: =W136*P136 -> 2.4552
N137: CONCRETO DAS VIGAS DO TOPO NORDESTE | O137: m³ | P137: 1 | R137: =6.54+0.1 -> 6.64 | S137: =0.25+0.25+0.07+0.07+0.1 -> 0.74 | T137: =R137/0.15 -> 44.266667 | U137: 0.154 | V137: 0.1 | W137: =(T137*U137)+(1+V137) -> 7.9170667 | X137: =W137*P137 -> 7.9170667
...

Sheet serv.preliminares
A3: DIVERSOS
A5: serviço | B5: Perimetroto (m) | C5: Comprimento (m) | D5: largura (m) | E5: Altura (m) | F5: Área (m²) | G5: Qtd. | H5: Total
A6: Area total da obra | F6: 1112.43 | H6: =F6 -> 1112.43
A7: Limpeza geral da obra | F7: 1112.43 | H7: =F7 -> 1112.43
A8: locação de obra | B8: 116 | F8: 792 | H8: =B8 -> 116
A9: limpeza do terreno | F9: =F7 -> 1112.43 | H9: =F9 -> 1112.43
A10: Placa de obra | C10: 4 | D10: 2 | H10: =C10*D10 -> 8
A11: Locação de andaime | C11: =35.7+22 -> 57.7 | E11: 2 | H11: =C11*E11 -> 115.4
A12: Tapume Telha Metálica | B12: 36 | H12: =B12 -> 36
A13: Reservatório 500L | G13: 1 | H13: =G13 -> 1
A14: Refeitório com paredes de chapa | C14: 4 | D14: 3 | H14: =C14*D14 -> 12
A15: Rede de agua | C15: 5 | H15: 3
A16: Rede de luz | C16: 5 | H16: 4
A17: Rede de esgoto | C17: 5 | H17: 3
A18: Mobilização e desmobilização de conteiner | G18: 4 | H18: =G18 -> 4
A19: Aluguel mensal container (MÊS) | G19: 4 | H19: 6

Sheet ALVENARIA
B1: ALVENARIA
B4: MURETA H= 60 cm
B5: Especificação do Serviço | C5: Und | D5: QTD | E5: Largura (m) | F5: Comp. (m) | G5: Altura (m) | H5: Perímetro (m) | I5: Espessura (m) | J5: Vol. (m³) | K5: Área (m²) | L5: Total
B7: MURETA | C7: m² | G7: 0.6 | H7: 113.5 | K7: =ROUND(F7*G7,2) -> 0 | L7: =H7*G7 -> 68.1
B8: TOTAL: (m²) | L8: =SUM(L7:L7) -> 68.1
B11: ALVENARIA EM CIMA DA MURETA H= 230 cm (FACHADA LATERAL DIREITA)
B12: Especificação do Serviço | C12: Und | D12: QTD | E12: Largura (m) | F12: Comp. (m) | G12: Altura (m) | H12: Perímetro (m) | I12: Espessura (m) | J12: Vol. (m³) | K12: Área (m²) | L12: Total
B14: ALVENARIA | C14: m² | F14: 22 | G14: =2.9-G7 -> 2.3 | K14: =ROUND(F14*G14,2) -> 50.6 | L14: =K14 -> 50.6
B15: TOTAL: (m²) | L15: =SUM(L14:L14) -> 50.6
B16: ALVENARIA COMPLEMENTAR EM CIMA DA MURETA DA ARQUIBANCADA (FACHADA FUNDOS)
B17: Especificação do Serviço | C17: Und | D17: QTD | E17: Largura (m) | F17: Comp. (m) | G17: Altura (m) | H17: Perímetro (m) | I17: Espessura (m) | J17: Vol. (m³) | K17: Área (m²) | L17: Total
B19: ALVENARIA | C19: m² | F19: 29.9 | G19: =2.9-G7 -> 2.3 | K19: =ROUND(F19*G19,2) -> 68.77 | L19: =K19 -> 68.77
B20: TOTAL: (m²) | L20: =SUM(L19:L19) -> 68.77
B21: TOTAL geral: (m²) | L21: =L15+L20 -> 119.37
B24: ALVENARIA
B25: Especificação do Serviço | C25: Und | D25: QTD | E25: Largura (m) | F25: Comp. (m) | G25: Altura (m) | H25: Perímetro (m) | I25: Espessura (m) | J25: Vol. (m³) | K25: Área (m²) | L25: Total
B27: Parede triangular da fachada sudeste | C27: m² | K27: 27.27 | L27: =K27 -> 27.27
B28: Parede triangular da fachada sudoeste | C28: m² | K28: 14.43 | L28: =K28 -> 14.43
B29: Parede triangular da fachada nordeste | C29: m² | K29: 22.27 | L29: =K29 -> 22.27
B30: TOTAL: (m²) | L30: =SUM(L27:L29) -> 63.97

Sheet Quadra
B1: Esquadrias
B5: ALAMBRADO
B6: Especificação do Serviço | C6: Und | D6: QTD | E6: Largura (m) | F6: Comp. (m) | G6: Altura (m) | H6: Perímetro (m) | I6: Espessura (m) | J6: Vol. (m³) | K6: Área (m²) | L6: Perda % | M6: Total
B8: Alambrado p/mureta h= 60 cm | C8: m² | G8: 6.5 | H8: 113.5 | K8: =G8*H8 -> 737.75 | M8: =K8 -> 737.75
B9: TOTAL: | M9: =SUM(M8:M8) -> 737.75
B11: REDE DE PROTEÇÃO
B12: Especificação do Serviço | C12: Und | D12: QTD | E12: Largura (m) | F12: Comp. (m) | G12: Altura (m) | H12: Perímetro (m) | I12: Espessura (m) | J12: Vol. (m³) | K12: Área (m²) | L12: Perda % | M12: Total
B14: Rede de proteção em nylon | C14: m² | K14: 791.92 | M14: =K14 -> 791.92
B15: TOTAL: | M15: =SUM(M14:M14) -> 791.92
B18: GRAMA SINTETICA
B19: Especificação do Serviço | C19: Und | D19: QTD | E19: Largura (m) | F19: Comp. (m) | G19: Altura (m) | H19: Perímetro (m) | I19: Espessura (m) | J19: Vol. (m³) | K19: Área (m²) | L19: Perda % | M19: Total
B21: GRAMA SINTETICA | C21: m² | E21: 21.7 | F21: 35.7 | K21: =E21*F21 -> 774.69 | M21: =K21 -> 774.69
B22: TOTAL: | M22: =SUM(M21:M21) -> 774.69
B23: Preparo, regularização e compactação do terreno
B24: Especificação do Serviço | C24: Und | D24: QTD | E24: Largura (m) | F24: Comp. (m) | G24: Altura (m) | H24: Perímetro (m) | I24: Espessura (m) | J24: Vol. (m³) | K24: Área (m²) | L24: Perda % | M24: Total
B26: egularização e compactação do terreno | C26: m² | E26: 15 | F26: 27.3 | K26: =ROUND(F26*E26,2) -> 409.5 | L26: 1 | M26: =ROUND(K26*L26,2) -> 409.5
B27: TOTAL: | M27: =SUM(M26:M26) -> 409.5
B30: PISO DA QUADRA
B31: Especificação do Serviço | C31: Und | D31: QTD | E31: Largura (m) | F31: Comp. (m) | G31: Altura (m) | H31: Perímetro (m) | I31: Espessura (m) | J31: Vol. (m³) | K31: Área (m²) | L31: Perda % | M31: Total
B33: Piso quadra poliesp. fck=25MPa, esp.=10 cm | C33: m² | E33: 21.7 | F33: 35.7 | K33: =ROUND(F33*E33,2) -> 774.69 | L33: 1 | M33: =ROUND(K33*L33,2) -> 774.69
B34: TOTAL: | M34: =SUM(M33:M33) -> 774.69
B37: PINTURA SOBRE PISO DE CONCRETO
B38: Especificação do Serviço | C38: Und | D38: QTD | E38: Largura (m) | F38: Comp. (m) | G38: Altura (m) | H38: Perímetro (m) | I38: Espessura (m) | J38: Vol. (m³) | K38: Área (m²) | L38: Perda % | M38: Total
B40: PINTURA SOBRE PISO | C40: m² | E40: 15 | F40: 27.3 | K40: =ROUND(F40*E40,2) -> 409.5 | L40: 1 | M40: =ROUND(K40*L40,2) -> 409.5
B41: TOTAL: | M41: =SUM(M40:M40) -> 409.5
B44: PINTURA PARA MARCAÇÃO DA Quadra
B45: Especificação do Serviço | C45: Und | D45: QTD | E45: Largura (m) | F45: Comp. (m) | G45: Altura (m) | H45: Perímetro (m) | I45: Espessura (m) | J45: Vol. (m³) | K45: Área (m²) | L45: Perda % | M45: Total
B47: Pintura para demarcação de quadras de esportes | C47: m | E47: 0.05 | F47: 72.4 | M47: =F47 -> 72.4
B48: Pintura para demarcação de quadras de esportes | C48: m | E48: 0.05 | F48: 54 | M48: =F48 -> 54
B49: Pintura para demarcação de quadras de esportes | C49: m | E49: 0.05 | F49: 8.9 | M49: =F49 -> 8.9
B50: Pintura para demarcação de quadras de esportes | C50: m | E50: 0.05 | F50: 8.9 | M50: =F50 -> 8.9
B51: Pintura para demarcação de quadras de esportes | C51: m | E51: 0.05 | F51: 3.6 | M51: =F51 -> 3.6
B52: Pintura para demarcação de quadras de esportes | C52: m | E52: 0.05 | F52: =22.22*2 -> 44.44 | M52: =F52 -> 44.44
B53: Pintura para demarcação de quadras de esportes | C53: m | E53: 0.05 | F53: =1.75*2 -> 3.5 | M53: =F53 -> 3.5
B54: Pintura para demarcação de quadras de esportes | C54: m | E54: 0.05 | F54: =16.3*2 -> 32.6 | M54: =F54 -> 32.6
B55: TOTAL: | M55: =SUM(M47:M54) -> 228.34
B57: GERAL
B58: Especificação do Serviço | C58: Und | D58: QTD | E58: Largura (m) | F58: Comp. (m) | G58: Altura (m) | H58: Perímetro (m) | I58: Espessura (m) | J58: Vol. (m³) | K58: Área (m²) | L58: Perda % | M58: Total
B60: Rede para trave | C60: par | D60: 1 | M60: =D60 -> 1
B61: Trave para futebol | C61: par | D61: 2 | M61: 1
B64: Estrut. metálica para coberttura
C65: AREA TELHADO | D65: KG/TOTAL | E65: KG/M² | F65: MENOR
B66: EXEMPLO DE CASO 01: | C66: 337.92 | D66: 2569.92 | E66: =D66/C66 -> 7.6051136
B67: EXEMPLO DE CASO 02: | C67: 346.79 | D67: 1992.64 | E67: =D67/C67 -> 5.7459558 | F67: =SMALL(E66:E67,1) -> 5.7459558
B68: ÁREA DO TELHADO EM QUESTÃO | D68: 1053.72
B69: TOTAL DE AÇO KG/M² DA ESTRUTURA DE COBERTURA | F69: =D68*F67 -> 6054.6285

Sheet ELETRICA
A3: MATERIAS ELETRICOS
A5: serviço | B5: Perimetroto (m) | C5: Comprimento (m) | D5: largura (m) | E5: Altura (m) | F5: Área (m²) | G5: Qtd. | H5: Total
A6: Eletroduto flexível corrugado 3/4" , | C6: =100.1+9+9+9+9 -> 136.1 | H6: =C6 -> 136.1
A7: Eletroduto flexível corrugado 1" , | C7: =3.1+2.5 -> 5.6 | H7: =C7 -> 5.6
A8: Caixa de passagem | G8: =7 -> 7 | H8: =G8 -> 7
A9: Cabo de cobre termoplástico (PVC) flexível isolado 0,6/1kV | C9: =((1.9+53.74+9)*3)*2 -> 387.84 | H9: =C9 -> 387.84
A10: DISJUNTOR 25A | G10: 2 | H10: =G10 -> 2
A11: DISJUNTOR 40A | G11: 1 | H11: =G11 -> 1
A12: QUADRO DE DISTRIBUIÇÃO | G12: 1 | H12: =G12 -> 1
A13: REFLETOR 200W | G13: =3+3+3+3 -> 12 | H13: =G13 -> 12
A14: Caixa de aterramento | G14: 1 | H14: =G14 -> 1
A15: Mureta de medição | G15: 1 | H15: =G15 -> 1

Sheet Agua pluvial
A2: INSTALAÇÕES HIDRO-SANITÁRIAS
A5: Calha em chapa galvanizada com largura de 40 cm
A6: Serviço | B6: Und | C6: QTD | D6: Comp. (m) | E6: Altura (m) | F6: Perímetro (m) | G6: Total
A8: Calha | B8: m | F8: =36.73+36.73+36.73 -> 110.19 | G8: =F8 -> 110.19
A9: TOTAL: (m) | G9: =SUM(G8:G8) -> 110.19
A12: tubo de descida 100mm
A13: Serviço | B13: Und | C13: QTD | D13: Comp. (m) | E13: Altura (m) | F13: Perímetro (m) | G13: Total
A15: tubo descida 100 mm | B15: m | C15: 10 | E15: =10 -> 10 | G15: =C15*E15 -> 100
A16: TOTAL: (m) | G16: =SUM(G15:G15) -> 100
A19: tubo horizontal 100mm ligando caixa de areia a caixas de areia
A20: Serviço | B20: Und | C20: QTD | D20: Comp. (m) | E20: Altura (m) | F20: Perímetro (m) | G20: Total
A22: tubo horizontal ligando as caixas100 mm | B22: m | C22: 2 | D22: 37 | G22: =C22*D22 -> 74
A23: tubo da descida que liga a caixa de areia 100 mm (horizontall) | B23: m | C23: 10 | D23: 1.25 | G23: =C23*D23 -> 12.5
A24: tubo da descida que liga a caixa de areia 100 mm (vertcical) | B24: m | C24: 10 | E24: 0.9 | G24: =C24*E24 -> 9
A25: TOTAL: (m) | G25: =SUM(G22:G24) -> 95.5
A28: tubo horizontal 150mm ligando caixa de areia a caixas de areia
A29: Serviço | B29: Und | C29: QTD | D29: Comp. (m) | E29: Altura (m) | F29: Perímetro (m) | G29: Total
A31: tubo 100 mm | B31: m | C31: 2 | D31: 27.65 | G31: =C31*D31 -> 55.3
A32: TOTAL: (m) | G32: =SUM(G31:G31) -> 55.3
A35: PECAS EM GERAL
A36: Serviço | B36: Und | C36: QTD | D36: Comp. (m) | E36: Altura (m) | F36: Perímetro (m) | G36: Total
A38: Joelho 45 graus 100 mm | B38: und | C38: 20 | G38: =C38 -> 20
A39: Curva 90 graus 100 mm | B39: und | C39: 30 | G39: =C39 -> 30
A40: Caixa de areia | B40: und | C40: 10 | G40: =C40 -> 10

Sheet Lista-SPDA
C1: LISTA DE MATERIAIS
A2: 1 | C2: CABOS, TERMINAIS E CONEXÇÕES PARA CABOS
A3: 1.1 | B3: 0-00-00 | C3: Cabo de cobre nú 35mm2, ref.: TEL-5735, marca de referência Termotécnica ou equivalente | D3: m | E3: =132+(14*10) -> 272
A4: 1.2 | B4: 0-00-00 | C4: Conector de pressão tipo split-bolt em liga de cobre estanhado para cabo de cobre 35mm2, Ref.: TEL-5015 | D4: pç | E4: 80
A5: 1.3 | B5: 0-00-00 | C5: Terminal de compressão cobre estanhado 1 furo para Cabo de cobre de #35mm2, Ref.: TEL-5135 | D5: pç | E5: 18
A6: 1.4 | B6: 0-00-00 | C6: Cabo de cobre nú 50mm2, ref. TEL-5750, marca de referência Termotécnica ou equivalente | D6: m | E6: 132
A7: 1.5 | B7: 0-00-00 | C7: Terminal de compressão cobre estanhado 1 furo para Cabo de cobre de #50mm2, Ref.: TEL-5150 | D7: pç | E7: 14
A8: 1.6 | B8: 0-00-00 | C8: Presilha em latão para cabo de cobre 35 a 50 mm2 e furo Ø5mm, Ref.: TEL-744 | D8: pç | E8: 280
B9: 0-00-00 | C9: Parafuso em aço inox autoatarrachante Ø4,2 x 32mm, Ref.: TEL- 5333 | D9: pç | E9: 280
A10: 1.7 | B10: 0-00-00 | C10: Bucha de nylon nº 6, Ref.: TEL-5306 | D10: pç | E10: 280
A11: 1.8 | B11: 0-00-00 | C11: Fixador universal de SPDA estanhado, Ref.: TEL-5024 | D11: pç | E11: 28
A12: 1.9 | B12: 0-00-00 | C12: Parafuso em aço inox sextavado ØM6 x 45mm TEL-5346 | D12: pç | E12: 28
A13: 1.1 | B13: 0-00-00 | C13: Bucha de nylon nº 10, Ref.: TEL-5310 | D13: pç | E13: 28
A14: 1.11 | B14: 0-00-00 | C14: Selante em Poliuretano (PU) flexível – Bisnaga 380g, Ref.: TEL-5905 | D14: pç | E14: 14
A15: 2 | C15: CAPTOR FRANKLIN
A16: 2.1 | B16: 0-00-00 | C16: Captor Franklin com base em Em Latão Cromado 2 Desc. Rosca 3/4″ x 250mm, Ref.: TEL-012 | D16: pç | E16: 4
A17: 2.2 | B17: 0-00-00 | C17: Sinalizador simples | D17: pç | E17: 4
A18: 2.3 | B18: 0-00-00 | C18: Abraçadeira-guia reforçada p/ mastros 2" e 2 descidas, Ref.:TEL- 380 | D18: pç | E18: 20
A19: 2.4 | B19: 0-00-00 | C19: Mastro telescópico galvanizado 6m (3m x 1, 1/2" + 3m x 2"), Ref.:TEL-481 | D19: pç | E19: 4
A20: 2.5 | B20: 0-00-00 | C20: Conjunto de estais tubulares tipo rígido 3m para mastro Ø2", Ref.:TEL-451 | D20: pç | E20: 8
A21: 2.6 | B21: 0-00-00 | C21: Base para mastro Ø2" em alumínio fundido, Ref.: TEL-075 | D21: pç | E21: 4
A22: 3 | C22: ELETRODUTO E CONEXÕES
A23: 3.1 | B23: 0-00-00 | C23: Eletroduto PVC Ø1" (Ø32mm) x 3,00m, Ref.:TEL-5501 | D23: pç | E23: 6
A24: 3.2 | B24: 0-00-00 | C24: Abraçadeira Tipo D com cunha, parafuso, porca e arruela, Ref.:TEL- 095 | D24: pç | E24: 18
A25: 4 | C25: SOLDA EXOTERMICA
A26: 4.1 | B26: 0-00-00 | C26: Solda Exotérmica: Molde SAC 35-5 (Ref.: MSAC35-03), Cartucho nº90 (Ref.: NSEC0090), Alicate Z-201 (Ref.: NSEZ0201) | D26: pç | E26: 14
A27: 4.2 | B27: 0-00-00 | C27: Solda Exotérmica: Molde HCL 5/8.50-5 (Ref.: MHCL5850-05), Cartucho nº115 (Ref.: NSEC0115) e Alicate Z-20 (Ref.: NSEZ0201) | D27: pç | E27: 14
A28: 5 | C28: ELETRODUTO E CONEXÕES
A29: 5.1.1 | B29: 0-00-00 | C29: Caixa de inspeção tipo solo em PVC Ø300 x 250 mm | D29: pç | E29: 14
A30: 5.1.2 | B30: 0-00-00 | C30: Tampa reforçada em ferro fundido para caixa de inspeção | D30: pç | E30: 14
A31: 5.1.3 | B31: 0-00-00 | C31: Haste de aterramento tipo COPPERWELD Alta Camada (254 microns) - Ø5/8″ x 2,4m, Ref.: Tel-5814 | D31: m | E31: 14

Sheet BANCO DE CONCRETO
B1: BANCO DE CONCRETO
B5: ESCAVAÇÃO DAS VALAS PARA ALVENARIA DO BANCO DE CONCRETO . (14x19x39cm)
B6: Especificação do Serviço | C6: Und | D6: QTD | E6: Largura (m) | F6: Comp. (m) | G6: Altura (m) | H6: Perímetro (m) | I6: Espessura (m) | J6: Vol. (m³) | K6: Área (m²) | L6: Total
B8: ALVENARIA DO BANCO DE CONCRETO LONGITUDINAL | C8: m³ | E8: 0.2 | F8: 29.95 | G8: =0.19+0.05 -> 0.24 | J8: =K8*G8 -> 1.4376 | K8: =ROUND(F8*E8,2) -> 5.99 | L8: =K8 -> 5.99
B9: ALVENARIA DO BANCO DE CONCRETO LONGITUDINAL | C9: m³ | E9: 0.2 | F9: 29.95 | G9: =0.19+0.05 -> 0.24 | J9: =K9*G9 -> 1.4376 | K9: =ROUND(F9*E9,2) -> 5.99 | L9: =K9 -> 5.99
B10: ALVENARIA DO BANCO DE CONCRETO LONGITUDINAL | C10: m³ | E10: 0.2 | F10: 29.95 | G10: =0.19+0.05 -> 0.24 | J10: =K10*G10 -> 1.4376 | K10: =ROUND(F10*E10,2) -> 5.99 | L10: =K10 -> 5.99
B11: ALVENARIA DO BANCO DE CONCRETO TRANVERSAL | C11: m³ | E11: 0.2 | F11: 2.32 | G11: =0.19+0.05 -> 0.24 | J11: =K11*G11 -> 0.1104 | K11: =ROUND(F11*E11,2) -> 0.46 | L11: =K11 -> 0.46
B12: ALVENARIA DO BANCO DE CONCRETO TRANVERSAL | C12: m³ | E12: 0.2 | F12: 1.22 | G12: =0.19+0.05 -> 0.24 | J12: =K12*G12 -> 0.0576 | K12: =ROUND(F12*E12,2) -> 0.24 | L12: =K12 -> 0.24
B13: ALVENARIA DO BANCO DE CONCRETO TRANVERSAL | C13: m³ | E13: 0.2 | F13: 1.22 | G13: =0.19+0.05 -> 0.24 | J13: =K13*G13 -> 0.0576 | K13: =ROUND(F13*E13,2) -> 0.24 | L13: =K13 -> 0.24
B14: ALVENARIA DO BANCO DE CONCRETO TRANVERSAL | C14: m³ | E14: 0.2 | F14: 1.22 | G14: =0.19+0.05 -> 0.24 | J14: =K14*G14 -> 0.0576 | K14: =ROUND(F14*E14,2) -> 0.24 | L14: =K14 -> 0.24
B15: ALVENARIA DO BANCO DE CONCRETO TRANVERSAL | C15: m³ | E15: 0.2 | F15: 1.22 | G15: =0.19+0.05 -> 0.24 | J15: =K15*G15 -> 0.0576 | K15: =ROUND(F15*E15,2) -> 0.24 | L15: =K15 -> 0.24
B16: TOTAL: (m²) | L16: =SUM(J8:J15) -> 4.6536
B19: APILOAMENTO DAS VALAS PARA ALVENARIA DO BANCO DE CONCRETO . (14x19x39cm)
B20: Especificação do Serviço | C20: Und | D20: QTD | E20: Largura (m) | F20: Comp. (m) | G20: Altura (m) | H20: Perímetro (m) | I20: Espessura (m) | J20: Vol. (m³) | K20: Área (m²) | L20: Total
B22: APILOAMENTO DAS VALAS PARA ALVENARIA | C22: m³ | E22: 0.2 | F22: 29.95 | G22: =0.19+0.05 -> 0.24 | K22: =ROUND(F22*E22,2) -> 5.99 | L22: =K22 -> 5.99
B23: APILOAMENTO DAS VALAS PARA ALVENARIA | C23: m³ | E23: 0.2 | F23: 29.95 | G23: =0.19+0.05 -> 0.24 | K23: =ROUND(F23*E23,2) -> 5.99 | L23: =K23 -> 5.99
B24: APILOAMENTO DAS VALAS PARA ALVENARIA | C24: m³ | E24: 0.2 | F24: 29.95 | G24: =0.19+0.05 -> 0.24 | K24: =ROUND(F24*E24,2) -> 5.99 | L24: =K24 -> 5.99
B25: APILOAMENTO DAS VALAS PARA ALVENARIA | C25: m³ | E25: 0.2 | F25: 2.32 | G25: =0.19+0.05 -> 0.24 | K25: =ROUND(F25*E25,2) -> 0.46 | L25: =K25 -> 0.46
B26: APILOAMENTO DAS VALAS PARA ALVENARIA | C26: m³ | E26: 0.2 | F26: 1.22 | G26: =0.19+0.05 -> 0.24 | K26: =ROUND(F26*E26,2) -> 0.24 | L26: =K26 -> 0.24
B27: APILOAMENTO DAS VALAS PARA ALVENARIA | C27: m³ | E27: 0.2 | F27: 1.22 | G27: =0.19+0.05 -> 0.24 | K27: =ROUND(F27*E27,2) -> 0.24 | L27: =K27 -> 0.24
B28: APILOAMENTO DAS VALAS PARA ALVENARIA | C28: m³ | E28: 0.2 | F28: 1.22 | G28: =0.19+0.05 -> 0.24 | K28: =ROUND(F28*E28,2) -> 0.24 | L28: =K28 -> 0.24
B29: APILOAMENTO DAS VALAS PARA ALVENARIA | C29: m³ | E29: 0.2 | F29: 1.22 | G29: =0.19+0.05 -> 0.24 | K29: =ROUND(F29*E29,2) -> 0.24 | L29: =K29 -> 0.24
B30: TOTAL: (m²) | L30: =SUM(L22:L29) -> 19.39
B32: CONCRETO MAGRO PARA AS VALAS DO BANCO DE CONCRETO . (14x19x39cm)
B33: Especificação do Serviço | C33: Und | D33: QTD | E33: Largura (m) | F33: Comp. (m) | G33: Altura (m) | H33: Perímetro (m) | I33: Espessura (m) | J33: Vol. (m³) | K33: Área (m²) | L33: Total
B35: ALVENARIA DO BANCO DE CONCRETO LONGITUDINAL | C35: m³ | E35: 0.2 | F35: 29.95 | G35: 0.05 | J35: =K35*G35 -> 0.2995 | K35: =ROUND(F35*E35,2) -> 5.99 | L35: =K35 -> 5.99
B36: ALVENARIA DO BANCO DE CONCRETO LONGITUDINAL | C36: m³ | E36: 0.2 | F36: 29.95 | G36: 0.05 | J36: =K36*G36 -> 0.2995 | K36: =ROUND(F36*E36,2) -> 5.99 | L36: =K36 -> 5.99
B37: ALVENARIA DO BANCO DE CONCRETO LONGITUDINAL | C37: m³ | E37: 0.2 | F37: 29.95 | G37: 0.05 | J37: =K37*G37 -> 0.2995 | K37: =ROUND(F37*E37,2) -> 5.99 | L37: =K37 -> 5.99
B38: ALVENARIA DO BANCO DE CONCRETO TRANVERSAL | C38: m³ | E38: 0.2 | F38: 2.32 | G38: 0.05 | J38: =K38*G38 -> 0.023 | K38: =ROUND(F38*E38,2) -> 0.46 | L38: =K38 -> 0.46
B39: ALVENARIA DO BANCO DE CONCRETO TRANVERSAL | C39: m³ | E39: 0.2 | F39: 1.22 | G39: 0.05 | J39: =K39*G39 -> 0.012 | K39: =ROUND(F39*E39,2) -> 0.24 | L39: =K39 -> 0.24
B40: ALVENARIA DO BANCO DE CONCRETO TRANVERSAL | C40: m³ | E40: 0.2 | F40: 1.22 | G40: 0.05 | J40: =K40*G40 -> 0.012 | K40: =ROUND(F40*E40,2) -> 0.24 | L40: =K40 -> 0.24
B41: ALVENARIA DO BANCO DE CONCRETO TRANVERSAL | C41: m³ | E41: 0.2 | F41: 1.22 | G41: 0.05 | J41: =K41*G41 -> 0.012 | K41: =ROUND(F41*E41,2) -> 0.24 | L41: =K41 -> 0.24
B42: ALVENARIA DO BANCO DE CONCRETO TRANVERSAL | C42: m³ | E42: 0.2 | F42: 1.22 | G42: 0.05 | J42: =K42*G42 -> 0.012 | K42: =ROUND(F42*E42,2) -> 0.24 | L42: =K42 -> 0.24
B43: TOTAL: (m²) | L43: =SUM(J35:J42) -> 0.9695
B47: ALVENARIA DO BANCO DE CONCRETO
B48: Especificação do Serviço | C48: Und | D48: QTD | E48: Largura (m) | F48: Comp. (m) | G48: Altura (m) | H48: Perímetro (m) | I48: Espessura (m) | J48: Vol. (m³) | K48: Área (m²) | L48: Total
B50: ALVENARIA DO BANCO DE CONCRETO LONGITUDINAL | C50: m² | F50: 29.95 | G50: 0.6 | K50: =ROUND(F50*G50,2) -> 17.97 | L50: =K50 -> 17.97
B51: ALVENARIA DO BANCO DE CONCRETO LONGITUDINAL | C51: m² | F51: 29.95 | G51: 0.45 | K51: =ROUND(F51*G51,2) -> 13.48 | L51: =K51 -> 13.48
B52: ALVENARIA DO BANCO DE CONCRETO LONGITUDINAL | C52: m² | F52: 29.95 | G52: 0.3 | K52: =ROUND(F52*G52,2) -> 8.99 | L52: =K52 -> 8.99
B53: ALVENARIA DO BANCO DE CONCRETO TRANVERSAL | C53: m² | F53: 2.32 | G53: 0.6 | K53: =(F53*G53)/2 -> 0.696 | L53: =K53 -> 0.696
B54: ALVENARIA DO BANCO DE CONCRETO TRANVERSAL | C54: m² | F54: 2.32 | G54: 0.6 | K54: =(F54*G54)/2 -> 0.696 | L54: =K54 -> 0.696
B55: ALVENARIA DO BANCO DE CONCRETO TRANVERSAL | C55: m² | F55: 1.22 | G55: 0.45 | K55: =(F55*G55)/2 -> 0.2745 | L55: =K55 -> 0.2745
B56: ALVENARIA DO BANCO DE CONCRETO TRANVERSAL | C56: m² | F56: 1.22 | G56: 0.45 | K56: =(F56*G56)/2 -> 0.2745 | L56: =K56 -> 0.2745
B57: ALVENARIA DO BANCO DE CONCRETO TRANVERSAL | C57: m² | F57: 1.22 | G57: 0.45 | K57: =(F57*G57)/2 -> 0.2745 | L57: =K57 -> 0.2745
B58: ALVENARIA DO BANCO DE CONCRETO TRANVERSAL | C58: m² | F58: 1.22 | G58: 0.45 | K58: =(F58*G58)/2 -> 0.2745 | L58: =K58 -> 0.2745
B59: TOTAL: (m²) | L59: =SUM(L50:L58) -> 42.93
B62: CHAPISCO EXTERNO DA ALVENARIA DO BANCO DE CONCRETO
B63: Especificação do Serviço | C63: Und | D63: QTD | E63: Largura (m) | F63: Comp. (m) | G63: Altura (m) | H63: Perímetro (m) | I63: Espessura (m) | J63: Vol. (m³) | K63: Área (m²) | L63: Total
B65: CHAPISCO LATERAL ESQUERDA | C65: m² | F65: 2.32 | G65: 0.6 | K65: =(F65*G65)/2 -> 0.696 | L65: =K65 -> 0.696
B66: CHAPISCO 1°ESPELHO | C66: m² | F66: 29.95 | G66: 0.3 | K66: =F66*G66 -> 8.985 | L66: =K66 -> 8.985
B67: CHAPISCO 2°ESPELHO | C67: m² | F67: 29.95 | G67: 0.3 | K67: =F67*G67 -> 8.985 | L67: =K67 -> 8.985
B68: CHAPISCO 3°ESPELHO | C68: m² | F68: 29.95 | G68: 0.3 | K68: =F68*G68 -> 8.985 | L68: =K68 -> 8.985
B69: TOTAL: (m²) | L69: =SUM(L65:L68) -> 27.651
B72: REBOCO EXTERNO DA ALVENARIA DO BANCO DE CONCRETO
B73: Especificação do Serviço | C73: Und | D73: QTD | E73: Largura (m) | F73: Comp. (m) | G73: Altura (m) | H73: Perímetro (m) | I73: Espessura (m) | J73: Vol. (m³) | K73: Área (m²) | L73: Total
B75: REBOCO | C75: m² | F75: 2.32 | G75: 0.6 | K75: =(F75*G75)/2 -> 0.696 | L75: =K75 -> 0.696
B76: REBOCO 1°ESPELHO | C76: m² | F76: 29.95 | G76: 0.3 | K76: =F76*G76 -> 8.985 | L76: =K76 -> 8.985
B77: REBOCO 2°ESPELHO | C77: m² | F77: 29.95 | G77: 0.3 | K77: =F77*G77 -> 8.985 | L77: =K77 -> 8.985
B78: REBOCO 3°ESPELHO | C78: m² | F78: 29.95 | G78: 0.3 | K78: =F78*G78 -> 8.985 | L78: =K78 -> 8.985
B79: TOTAL: (m²) | L79: =SUM(L75:L78) -> 27.651
B82: PINTURA EXTERNA DA ALVENARIA DO BANCO DE CONCRETO
B83: Especificação do Serviço | C83: Und | D83: QTD | E83: Largura (m) | F83: Comp. (m) | G83: Altura (m) | H83: Perímetro (m) | I83: Espessura (m) | J83: Vol. (m³) | K83: Área (m²) | L83: Total
B85: PINTURA DA ALVENARIA VERTICAL LATERAL ESQUERD. | C85: m² | F85: 2.32 | G85: 0.6 | K85: =(F85*G85)/2 -> 0.696 | L85: =K85 -> 0.696
B86: PINTURA 1°ESPELHO | C86: m² | F86: 29.95 | G86: 0.3 | K86: =F86*G86 -> 8.985 | L86: =K86 -> 8.985
B87: PINTURA 2°ESPELHO | C87: m² | F87: 29.95 | G87: 0.3 | K87: =F87*G87 -> 8.985 | L87: =K87 -> 8.985
B88: PINTURA 3°ESPELHO | C88: m² | F88: 29.95 | G88: 0.3 | K88: =F88*G88 -> 8.985 | L88: =K88 -> 8.985
B89: PINTURA DO PISO 03 | C89: m² | E89: 1.1 | F89: 29.95 | K89: =(F89*E89)/2 -> 16.4725 | L89: =K89 -> 16.4725
B90: PINTURA DO PISO 02 | C90: m² | E90: 0.6 | F90: 29.95 | K90: =(F90*E90)/2 -> 8.985 | L90: =K90 -> 8.985
B91: PINTURA DO PISO 01 | C91: m² | E91: 0.6 | F91: 29.95 | K91: =(F91*E91)/2 -> 8.985 | L91: =K91 -> 8.985
B92: TOTAL: (m²) | L92: =SUM(L85:L91) -> 62.0935
B95: ATERRO P/BANCO DE CONCRETO
B96: Especificação do Serviço | C96: Und | D96: QTD | E96: Largura (m) | F96: Comp. (m) | G96: Altura (m) | H96: Perímetro (m) | I96: Espessura (m) | J96: Vol. (m³) | K96: Área (m²) | L96: Total
B98: ATERRO DO PISO 03 | C98: m³ | E98: 1.1 | F98: 29.95 | G98: 0.49 | J98: =K98*G98 -> 16.14305 | K98: =E98*F98 -> 32.945 | L98: =K98 -> 32.945
B99: ATERRO DO PISO 02 | C99: m³ | E99: 0.6 | F99: 29.95 | G99: 0.34 | J99: =K99*G99 -> 6.1098 | K99: =E99*F99 -> 17.97 | L99: =K99 -> 17.97
B100: ATERRO DO PISO 01 | C100: m³ | E100: 0.6 | F100: 29.95 | G100: 0.19 | J100: =K100*G100 -> 3.4143 | K100: =E100*F100 -> 17.97 | L100: =K100 -> 17.97
B101: TOTAL: (m²) | L101: =SUM(L98:L99) -> 50.915
B104: LONA, MALHA DE AÇO E LASTRO DE CONCRETO
B105: Especificação do Serviço | C105: Und | D105: QTD | E105: Largura (m) | F105: Comp. (m) | G105: Altura (m) | H105: Perímetro (m) | I105: Espessura (m) | J105: Vol. (m³) | K105: Área (m²) | L105: Total
B107: LASTRO DE CONCRETO DO PISO 03 | C107: m² | E107: 1.1 | F107: 29.95 | G107: =8/100 -> 0.08 | J107: =K107*G107 -> 2.6356 | K107: =E107*F107 -> 32.945 | L107: =K107 -> 32.945
B108: LASTRO DE CONCRETO DO PISO 02 | C108: m² | E108: 0.6 | F108: 29.95 | G108: =8/100 -> 0.08 | J108: =K108*G108 -> 1.4376 | K108: =E108*F108 -> 17.97 | L108: =K108 -> 17.97
B109: LASTRO DE CONCRETO DO PISO 01 | C109: m² | E109: 0.6 | F109: 29.95 | G109: =8/100 -> 0.08 | J109: =K109*G109 -> 1.4376 | K109: =E109*F109 -> 17.97 | L109: =K109 -> 17.97
B110: TOTAL: (m²) | L110: =SUM(K107:K109) -> 68.885
B113: PISO CAMURÇADO
B114: Especificação do Serviço | C114: Und | D114: QTD | E114: Largura (m) | F114: Comp. (m) | G114: Altura (m) | H114: Perímetro (m) | I114: Espessura (m) | J114: Vol. (m³) | K114: Área (m²) | L114: Total
B116: PISO CAMURÇADODO PISO 03 | C116: m² | E116: 1.1 | F116: 29.95 | G116: =8/100 -> 0.08 | J116: =K116*G116 -> 2.6356 | K116: =E116*F116 -> 32.945 | L116: =K116 -> 32.945
B117: PISO CAMURÇADO DO PISO 02 | C117: m² | E117: 0.6 | F117: 29.95 | G117: =8/100 -> 0.08 | J117: =K117*G117 -> 1.4376 | K117: =E117*F117 -> 17.97 | L117: =K117 -> 17.97
B118: PISO CAMURÇADO DO PISO 01 | C118: m² | E118: 0.6 | F118: 29.95 | G118: =8/100 -> 0.08 | J118: =K118*G118 -> 1.4376 | K118: =E118*F118 -> 17.97 | L118: =K118 -> 17.97
B119: TOTAL: (m²) | L119: =SUM(K116:K118) -> 68.885

Sheet CHAPISCO.REBOCO.EMBOÇO
B1: REBOCO
B4: REBOCO DA MURETA
B5: REBOCO DA MURETA | C5: Und | D5: QTD | E5: Largura (m) | F5: Comp. (m) | G5: Altura (m) | H5: Perímetro (m) | I5: Espessura (m) | J5: Vol. (m³) | K5: Área (m²) | L5: Total
B7: MURETA h= 60 cm | C7: m² | G7: 0.6 | H7: 113.5 | K7: =ROUND(F7*G7,2) -> 0 | L7: =H7*G7*2 -> 136.2
B8: TOTAL: (m²) | L8: =SUM(L7:L7) -> 136.2
B10: REBOCO DA ALVENARIA TRIANGUKLAR FECHADA DE ACM
B11: Especificação do Serviço | C11: Und | D11: QTD | E11: Largura (m) | F11: Comp. (m) | G11: Altura (m) | H11: Perímetro (m) | I11: Espessura (m) | J11: Vol. (m³) | K11: Área (m²) | L11: Total
B13: reboco Parede triangular da fachada sudeste | C13: m² | K13: 34 | L13: =K13*2 -> 68
B14: reboco Parede triangular da fachada sudoeste | C14: m² | K14: 20 | L14: =K14*2 -> 40
B15: reboco Parede triangular da fachada nordeste | C15: m² | K15: 28.6 | L15: =K15*2 -> 57.2
B16: TOTAL: (m²) | L16: =SUM(L13:L15) -> 165.2
B19: REBOCO EM CIMA DA MURETA H= 230 cm (FACHADA LATERAL DIREITA)
B20: Especificação do Serviço | C20: Und | D20: QTD | E20: Largura (m) | F20: Comp. (m) | G20: Altura (m) | H20: Perímetro (m) | I20: Espessura (m) | J20: Vol. (m³) | K20: Área (m²) | L20: Total
B22: REBOCO | C22: m² | F22: 22 | G22: =2.9-G7 -> 2.3 | K22: =ROUND(F22*G22,2)*2 -> 101.2 | L22: =K22 -> 101.2
B23: TOTAL: (m²) | L23: =SUM(L22:L22) -> 101.2
B24: REBOCO COMPLEMENTAR EM CIMA DA MURETA DA ARQUIBANCADA (FACHADA FUNDOS)
B25: Especificação do Serviço | C25: Und | D25: QTD | E25: Largura (m) | F25: Comp. (m) | G25: Altura (m) | H25: Perímetro (m) | I25: Espessura (m) | J25: Vol. (m³) | K25: Área (m²) | L25: Total
B27: REBOCO | C27: m² | F27: 29.9 | G27: =2.9-G7 -> 2.3 | K27: =ROUND(F27*G27,2)*2 -> 137.54 | L27: =K27 -> 137.54
B28: TOTAL: (m²) | L28: =SUM(L27:L27) -> 137.54
B29: TOTAL geral: (m²) | L29: =L23+L28+L8+L16 -> 540.14
B33: CHAPISCO
B36: REBOCO DA ALVENARIA TRIANGUKLAR FECHADA DE ACM
B37: Especificação do Serviço | C37: Und | D37: QTD | E37: Largura (m) | F37: Comp. (m) | G37: Altura (m) | H37: Perímetro (m) | I37: Espessura (m) | J37: Vol. (m³) | K37: Área (m²) | L37: Total
B39: chapisco Parede triangular da fachada sudeste | C39: m² | K39: 34 | L39: =K39*2 -> 68
B40: chapisco Parede triangular da fachada sudoeste | C40: m² | K40: 20 | L40: =K40*2 -> 40
B41: chapisco Parede triangular da fachada nordeste | C41: m² | K41: 28.6 | L41: =K41*2 -> 57.2
B42: TOTAL: (m²) | L42: =SUM(L39:L41) -> 165.2

Sheet TELHADO
B1: COBERTURA
B5: telha metalica
B6: telha | C6: Und | D6: QTD | E6: Largura (m) | F6: Comp. (m) | G6: Altura (m) | H6: Perímetro (m) | I6: Espessura (m) | J6: Vol. (m³) | K6: Área (m²) | L6: coef.de inclinação % | M6: Total
B8: Telhado área 01 | C8: m2 | K8: 255.56 | L8: 1.005 | M8: =K8*L8 -> 256.8378
B9: Telhado área 02 | C9: m2 | K9: 265.53 | L9: 1.005 | M9: =K9*L9 -> 266.85765
B10: Telhado área 03 | C10: m2 | K10: 265.53 | L10: 1.005 | M10: =K10*L10 -> 266.85765
B11: Telhado área 04 | C11: m2 | K11: 261.86 | L11: 1.005 | M11: =K11*L11 -> 263.1693
B12: TOTAL: | M12: =SUM(M8:M11) -> 1053.7224
B14: Estrutura metalica
B15: Especificação do Serviço | C15: Und | D15: QTD | E15: Largura (m) | F15: Comp. (m) | G15: Altura (m) | H15: Perímetro (m) | I15: Espessura (m) | J15: Vol. (m³) | K15: Área (m²) | L15: coef.de inclinação % | M15: Total
B17: Estrutura metalica para telhado | C17: m2 | K17: 1103.64 | L17: 1.005 | M17: =K17*L17 -> 1109.1582
B18: TOTAL: | M18: =SUM(M17) -> 1109.1582

Sheet PINTURA
B1: PINTURA E EMASSAMENTO ACRILICA
B4: PINTURA
B5: PINTURA | C5: Und | D5: QTD | E5: Largura (m) | F5: Comp. (m) | G5: Altura (m) | H5: Perímetro (m) | I5: Espessura (m) | J5: Vol. (m³) | K5: Área (m²) | L5: Total
B7: MURETA h= 60 cm | C7: m² | G7: 0.6 | H7: 113.5 | K7: =G7*H7 -> 68.1 | L7: =K7*2 -> 136.2
B8: TOTAL: (m²) | L8: =SUM(L7:L7) -> 136.2
B9: PINTURA
B12: PINTURA DA PAREDE TRIANGUKLAR FECHADA DE ACM
B13: Especificação do Serviço | C13: Und | D13: QTD | E13: Largura (m) | F13: Comp. (m) | G13: Altura (m) | H13: Perímetro (m) | I13: Espessura (m) | J13: Vol. (m³) | K13: Área (m²) | L13: Total
B15: pintura Parede triangular da fachada sudeste | C15: m² | K15: 34 | L15: =K15 -> 34
B16: pintura Parede triangular da fachada sudoeste | C16: m² | K16: 20 | L16: =K16 -> 20
B17: pintura Parede triangular da fachada nordeste | C17: m² | K17: 28.6 | L17: =K17 -> 28.6
B18: TOTAL: (m²) | L18: =SUM(L15:L17) -> 82.6
B20: PINTURA EM CIMA DA MURETA H= 230 cm (FACHADA LATERAL DIREITA)
B21: Especificação do Serviço | C21: Und | D21: QTD | E21: Largura (m) | F21: Comp. (m) | G21: Altura (m) | H21: Perímetro (m) | I21: Espessura (m) | J21: Vol. (m³) | K21: Área (m²) | L21: Total
B23: PINTURA | C23: m² | F23: 22 | G23: =2.9-G6 -> 2.9 | K23: =ROUND(F23*G23,2)*2 -> 127.6 | L23: =K23 -> 127.6
B24: TOTAL: (m²) | L24: =SUM(L23:L23) -> 127.6
B25: TOTAL geral: (m²) | L25: =L8+L24+L18 -> 346.4

Sheet DEGRAU,PEITORIL E SOLEIRA
B1: DEGRAUS, RODAPÉS, SOLEIRAS E PEITORIS
B4: PEITORIL DA MURETA | C4: Und | D4: QTD | E4: Largura (m) | F4: Comp. (m) | G4: Altura (m) | H4: Perímetro (m) | I4: Espessura (m) | J4: 2 lados | K4: Área (m²) | L4: Total
B6: PEITORIL DA MURETA | C6: m | H6: 113.5 | L6: =H6 -> 113.5

Sheet PISOS INTERNOS E EXTERNOS
B1: PISOS INTERNOS E EXTERNOS
B4: PISOS INTERNOS E EXTERNOS | C4: Und | D4: QTD | E4: Largura (m) | F4: Comp. (m) | G4: Altura (m) | H4: Perímetro (m) | I4: Espessura (m) | J4: 2 lados | K4: Área (m²) | L4: Total
B6: (entorno da quadra) lona plastica | C6: m² | K6: 240.5 | L6: =K6 -> 240.5
B7: (entorno da quadra) malha de aço | C7: m² | K7: 240.5 | L7: =K7 -> 240.5
B8: (entorno da quadra) lastro estrutural | C8: m² | K8: 240.5 | L8: =K8 -> 240.5
B9: (entorno da quadra) piso camurçado | C9: m² | K9: 240.5 | L9: =K9 -> 240.5

Sheet IMPERMEABILIZAÇÃO
B4: IMPERMEABILIZAÇÃO MURETA
B5: IMPERMEABILIZAÇÃO | C5: Und | D5: QTD | E5: Largura (m) | F5: Comp. (m) | G5: Altura (m) | H5: Perímetro (m) | I5: Espessura (m) | J5: 2 lados | K5: Área (m²) | L5: Total
B7: IMPERMEABILIZAÇÃO DA PAREDE DA MURETA h= 60 cm | C7: m² | G7: 0.3 | H7: 113.5 | J7: 2 | K7: =ROUND(F7*G7,2) -> 0 | L7: =H7*G7*J7 -> 68.1
B8: IMPERMEABILIZAÇÃO DA VIGA BALDRAME DA MURETA | C8: m² | E8: 0.12 | F8: 113.5 | G8: 0.3 | H8: 113.5 | J8: 1 | K8: =(F8*G8*2)+(F8*E8) -> 81.72 | L8: =(F8*G8*2)+(F8*E8) -> 81.72
B9: IMPERMEABILIZAÇÃO DA VIGA BALDRAME DA PAREDE TRIANGULAR | C9: m² | E9: 0.12 | F9: =ESTRUTURA!R117+ESTRUTURA!R120+ESTRUTURA!R123 -> 5.59 | G9: 0.3 | H9: 113.5 | J9: 1 | K9: =(F9*G9*2)+(F9*E9) -> 4.0248 | L9: =(F9*G9*2)+(F9*E9) -> 4.0248
B10: TOTAL: (m²) | L10: =SUM(L7:L9) -> 153.8448

Sheet ACABAMENTO-PAREDE
B1: REVESTIMENTO EM PAREDE
B4: ACABANENTO EM ACM
B5: Especificação do Serviço | C5: Und | D5: QTD | E5: Largura (m) | F5: Comp. (m) | G5: Altura (m) | H5: Perímetro (m) | I5: Espessura (m) | J5: Vol. (m³) | K5: Área (m²) | L5: Total
B7: Fachada sudeste | C7: m² | K7: 123.7 | L7: =K7 -> 123.7
B8: Fachada noroeste | C8: m² | K8: 80.27 | L8: =K8 -> 80.27
B9: Fachada nordeste | C9: m² | K9: 136.37 | L9: =K9 -> 136.37
B10: Fachada sudoeste | C10: m² | K10: 131.61 | L10: =K10 -> 131.61
B11: Fachada sudoeste | C11: m² | K11: 87.31 | L11: =K11 -> 87.31
B12: TOTAL: (m²) | L12: =SUM(L7:L11) -> 559.26

Sheet Paisagismo
B3: Resumo de Máteriais
B5: Especificação do Serviço | C5: Área (m²) | D5: Vol. (m³) | E5: Quant.
B7: Terra vegetal (canteiro) | D7: =#REF! -> #REF!
B8: Grama | C8: =#REF! -> #REF!
B9: arbustos ornamentais | E9: =#REF! -> #REF!
B10: Palmeira | E10: =#REF! -> #REF!
B11: ponto torneira de jardim | E11: =#REF! -> #REF!
B12: destocamento de arvore | E12: =#REF! -> #REF!
B13: herbaceas | E13: =#REF! -> #REF!
B14: coqueiro | E14: =#REF! -> #REF!
G17: COQUEIRO | H17: 7
